Workbook
Name _16_неделя_2021: #REF!
Name _16_неделя_2021: #REF!
Name ALVPRX: #REF!
Name ALVPRX: #REF!
Name art: #REF!
Name art: #REF!
Name ast: #REF!
Name ast: #REF!
Name astkl: #REF!
Name astsk: #REF!
Name astsklad: #REF!
Name bron: #REF!
Name cher: #REF!
Name cheras: #REF!
Name chercher: #REF!
Name cherhug: #REF!
Name cherp: #REF!
Name cherr: #REF!
Name chertab: #REF!
Name CHUR: #REF!
Name COMPALV: #REF!
Name dost: #REF!
Name Excel_BuiltIn_Print_Area_2: #REF!
Name Excel_BuiltIn_Print_Area_2_1: #REF!
Name Excel_BuiltIn_Print_Area_2_1_1: #REF!
Name fff: #REF!
Name ffive: #REF!
Name fin: [1]Лист2!$A$1:$C$339
Name final: [1]Лист2!$A$2:$B$339
Name five: #REF!
Name five: #REF!
Name ger: #REF!
Name ger: #REF!
Name hg: #REF!
Name hg: #REF!
Name hgn: #REF!
Name hoog: #REF!
Name hug: #REF!
Name hugeh: #REF!
Name hugen: #REF!
Name hugenhgn: #REF!
Name hugg: #REF!
Name huggen: #REF!
Name huggg: #REF!
Name huhughug: #REF!
Name HYDNUM: #REF!
Name klast: #REF!
Name klient: #REF!
Name lodold: #REF!
Name neg: #REF!
Name negot: #REF!
Name newheko: '[2]рабочий 2022'!$A$10:$L$1012
Name newhugen: #REF!
Name newhugen: #REF!
Name nid: #REF!
Name nid: #REF!
Name nl: #REF!
Name nl: #REF!
Name nlkl: #REF!
Name notready: #REF!

Sheet Условия работы
B13: ✓ | C13: Для оформления договорных документов:
B14: Индивидуальным предпринимателям: | H14: Юридическим лицам:
C15: ● Копию свидетельства ЕГРИП | H15: ● | I15: Копию Устава
C16: ● Копию ИНН | H16: ● | I16: Копию выписки из ЕГРЮЛ
C17: ● Копию паспорта | H17: ● | I17: Копию уведомления УСН или ЕНВД
C18: ● Копию уведомления УСН или ЕНВД | H18: ● | I18: Карточку с реквизитами предприятия
B20: ✓ | C20: Для обеспечения высокого сервиса обслуживания и правильного понимания Ваших потребностей:
C21: ● Заполненную Анкету клиента (шаблон необходимо запросить у Вашего менеджера)
B26: ✓ | C26: Заказ должен быть заполнен в форме настоящего Прайс-листа и:
C27: ● Соответствовать его требованиям к общему минимальному заказу
C28: ● Соответствовать его требованиям к минимальному заказу / кратности на сорт
B29: ✓ | C29: Бронирование заказа осуществляется исключительно после внесения аванса для бронирования
B30: ✓ | C30: Бронирование и предварительные подтверждения по заказам предоставляются до момента выпуска Производителем готовой продукции на основании его прогнозных данных. В процессе производства эти данные могут неоднократно изменяться по независящим от Производителя причинам (пример: погодные катаклизмы)
C31: ● Исходя из этой информации Вам необходимо принять решение о сроках размещения заказа:
C32: - разместить заказ заранее и иметь возможность бронирования максимально широкого ассортимента продукции, но быть готовым к тому, что информация о первоначальном подтверждении по заказу может меняться
C33: - разместить заказ ближе к дате отгрузки из доступного на тот момент стока (как правило, небольшого по ассортименту), но сразу получить более стабильное подтверждение
B34: ✓ | C34: В связи с динамично меняющимися свободными остатками часть заказа или заказ полностью могут быть не подтверждены
C35: ● Чем больше времени проходит с момента выставления счета на оплату до момента поступления оплаты на наш р/счет, тем выше вероятность неподтверждений
C36: ● В случае неподтверждения заказа мы возвращаем аванс, либо, при Вашем согласии, взамен неподтвержденных сортов предлагаем замены
B37: ✓ | C37: После внесения аванса для бронирования, частичный или полный отказ от заказа по Вашей инициативе не возможны.
B41: ✓ | C41: На протяжения всего периода работы мы будем информировать Вас обо всех изменениях, связанных с исполнением заказа
B42: ✓ | C42: Вам необходимо своевременно и в полном объеме производить все оплаты по заказу
C43: ● В случае нарушения сроков оплаты по заказу, предусмотренных условиями Прайс-листа, мы оставляем за собой право аннулировать Ваш заказ и направить товар в свободную продажу. Возврат внесенных по заказу авансов будет произведен в течение 10 дней после полной реализации заказа за минусом понесенных нами затрат на доставку, сборку, хранение и прочих
B44: ✓ | C44: Мы уведомим Вас о дате готовности Товара к отгрузке
C45: ● Вам будет необходимо осуществить приемку Товара оговоренным способом в срок, не превышающий 3-х рабочих дней с момента уведомления.
B46: ✓ | C46: Товары отгружаются с нашего склада на условиях самовывоза или путем организации доставки нашими силами, но за Ваш счет
C47: ● Во избежание длительного ожидания получения заказа в очереди, отгрузка товаров с нашего склада производится на основании Графика отгрузки
C48: ● Включение заказа в график отгрузки производится после полной его оплаты и, в случае необходимости доставки заказа до терминала транспортной компании, после предоставления Вами Доверенности на право передачи заказа в транспортную компанию.
C49: ● График отгрузки утверждается не позднее 14:00 дня предшествующего отгрузке. Поэтому при оплате заказа или предоставлении доверенности после 14:00 заказ может быть включен в График отгрузки не ранее, чем через один рабочий день.
B50: ✓ | C50: Мы не несем ответственности за частичную недопоставку заказа, вызванную неурожаем, либо гибелью растений по причине рисков хранения у Производителя, а также рисков связанных с изъятием сотрудниками таможни образцов товара для взятия проб в целях фитосанитарного контроля
B52: ✓ | C52: Во время выкопки выдача растений осуществляется не раннее 6-12 дней после оплаты заказа.
B53: ✓ | C53: Сроки выкопки и выдачи растений могут изменяться в зависимости от погодных условий.
B57: ✓ | C57: Мы предоставляем услуги по доставке заказов:
C58: ● До адреса Покупателя (По Москве и МО)
C59: ● До терминала любой транспортной компании в г. Москве
B60: ✓ | C60: Вы самостоятельно выбираете транспортную компанию, определяете условия доставки заказа транспортной компанией в пункт назначения и направляете нам четкое задание на передачу груза в форме Доверенности
C61: ● Мы осуществляем передачу товара в транспортную компанию строго в соответствии с требованиями, указанными Вами в бланке доверенности
C62: ● Право собственности на Товар и риск случайной гибели переходят к Вам с момента передачи нами Товара в транспортную компанию
C63: ● Мы не несем ответственности за потерю качества товара в период его доставки транспортной компанией
B68: ✓ | C68: Если мы передаем Товар, собранный в закрытую тару (в упаковке Производителя) или Вы физически не имеете возможности произвести детальную приемку Товара при его отгрузке, то имеете право в течение 3-х рабочих дней с момента получения Товара, сообщить нам об обнаруженных недостатках путем предъявления претензии
C69: ● Претензия должна быть составлена в письменном виде по установленной нами форме. Шаблон формы претензии мы высылаем по запросу
B70: ✓ | C70: Мы принимаем к рассмотрению претензии:
C71: ● только подтвержденные фотографиями каждой единицы Товара и тары
C72: ● к качеству и/или количеству поставленного товара по его состоянию на момент получения и не принимаем и не рассматриваем претензии к гибели товара случившейся в процессе Вашей производственной деятельности по выращиванию/доращиванию готовой продукции (исключения составляют претензии к пересорту, которые можно выявить только на определенных этапах роста растений).
C73: ● если совокупная сумма в ней по качеству и количеству, превышает:
C74: - 4% от общей суммы поставленной партии Товара при заказе до 4500 евро / до 300 000 руб
C75: - 3% от общей суммы поставленной партии Товара при заказе от 4501 до 10000 евро / от 300 001 до 700 000 руб
C76: - 2% от общей суммы поставленной партии Товара при заказе свыше 10000 евро / свыше 700 000 руб от общей суммы поставленной партии Товара
C77: ● при предоставлении документов, подтверждающих перевозку с соблюдением необходимого температурного режима (при нахождении товара в пути более 4-х суток)
C78: ● при соблюдении Вами сроков получения Товара с нашего склада
B79: ✓ | C79: Мы обязаны рассмотреть претензию в течение 30 рабочих дней с момента ее получения. В случае, если рассмотрение претензии зависит от решения сторонних организаций (производителя Товара, транспортной компании и т.п.) срок рассмотрения претензии может быть увеличен
C80: ● в случае принятия претензии на бракованный товар, Вам необходимо будет произвести его возврат в наш адрес за свой счет в течение 14 календарных дней с момента принятия претензии, если не будут согласованы иные способы решения
C81: ● в случае удовлетворения претензии производителем на Товар, стоимость которого была рассчитана путем калькуляции стоимости растений и стоимости доставки, мы произведем компенсацию только стоимость растений, без учёта доставки и прочих накладных расходов
B86: ✓ | C86: Понедельник - пятница с 9:00 до 18:00

Sheet Калькулятор
B2: =Предзаказ_осень2026!U15 -> 0 | C2: шт, количество растений | J2: Дорогие партнеры, мы делаем всё возможное, чтобы как можно лучше обеспечить вас качественным посадочным материалом. И хотим честно вас предупредить, что при сильном изменении ситуации на рынке и в мире, которые могут повлечь за собой удорожание стоимости Транспортной перевозки и/или КДП, мы оставляем за собой право пересмотреть цены и условия по настоящему предложению в любое время до момента передачи вам товара.
B3: =Предзаказ_осень2026!U16 -> 0 | C3: итоговая сумма за растения
B4: Не выбрано! | C4: ← Выберите период поставки
B5: на р/счет | C5: ← Выберите способ оплаты
B6: =IF(B5="в кассу",0%,IF(B5="на р/счет",15%,"выберите способ оплаты!")) -> 0.15 | C6: Комиссия за ден. переводы (КДП)
B8: Растения
B9: =SUM(Предзаказ_осень2026!Y199:Y764) -> 0 | C9: Количество растений | J9: Стоимость товара иностранного производства, тары, услуги доставки, комиссии за денежный перевод на момент размещения заказа являются ориентировочными/приблизительными. Конечную стоимость Вашего заказа с деталями дополнительных услуг вы сможете расчитать вместе с нашим менеджером.
B10: =B3 -> 0 | C10: Предварительная сумма за растения без КДП | G10: =B3 -> 0
B11: =IF(B6="выберите способ оплаты!","выберите способ оплаты!",B6*G10) -> 0 | C11: Сумма КДП на растения | G11: =IF(B6="выберите способ оплаты!"," - ₽",B6*G10) -> 0
B12: =IF(B6="выберите способ оплаты!","выберите способ оплаты!",B11+B10) -> 0 | C12: Итоговая сумма за растения с КДП | G12: =IF(B6="выберите способ оплаты!"," - ₽",G11+G10) -> 0
B14: ДОРОГОЙ КЛИЕНТ!
B15: Для Вашего удобства мы разрабатываем максимально подробный и прозрачный формат расчета вместимости в тару и доставки.
B16: Просим Вас отнестись с понимание и участием.
B17: Компания Садовая палитра будет Вам благодарна за комментарии и советы по улучшению качества обслуживания!
B19: Доп. услуги (в разработке) | C19: =IF(AND(OR(B20="Навалом",B20="Не выбрано!"),OR(B21="Самовывоз",B21="Не выбрано!")),"",IF(COUNTIF(R74:R82,"В заказе присутствуют крупногабартиные растения, требуется корректировка расчета нашим логистом!")>0,"В заказе присутствуют крупногабартиные растения, требуется корректировка расчета нашим логистом!",""))
B20: Не выбрано! | C20: ← Выберите способ отгрузки растений | K20: *Тара платная, выберете в калькуляторе способ отгрузки Ваших растений: навалом или в тару.
B21: Не выбрано! | C21: ← Выберите способ доставки | E21: *Навалом в транспортную компанию НЕ отгружаем! | K21: Если Ваш груз упакован в разную тару - Вас ждет индивидуальный расчет упаковки растений.
C22: =IF(B21="Доставка до клиента","← Введите расстояние до вас в км",IF(AND(B21="Доставка до ТК",B20="Навалом"),"Отгрузка навалом в ТК невозможна! Выберите другой способ!","")) | K22: *Доставка платная до ближайшего к нашему складу терминала ТК: ПЭК, ЖелДорЭкспедиция, Вера-1.
B23: =IF(B20="Навалом",0,IF(B20="В таре",R85,0)) -> 0 | C23: Предварительная сумма за тару без КДП | K23: Стандартная стоимость доставки до ТК 3000 рублей за 5 и более ПМ.
B24: =IF(B21="Самовывоз",0,IF(B21="Доставка до ТК",IF(B6="выберите способ оплаты!","выберите способ оплаты!",IF(B20<>"Навалом",ROUNDUP(R86,0)*3000,"выберите отгрузку в таре!")),IF(B21="Доставка до клиента",IF(B22="","введите расстояние!",R87),0))) -> 0 | C24: Предварительная сумма за доставку без КДП | K24: Если в заказе менее 5 ПМ - расчет стоимости доставки индивидуальный.
B25: =IF(B6="выберите способ оплаты!","выберите способ оплаты!",B23+B23*B6) -> 0 | C25: Итоговая сумма за тару с КДП (ориентировочно) | K25: *Доставка платная до Вашего адреса.
B26: =IF(B6="выберите способ оплаты!","выберите способ оплаты!",IF(B24="выберите отгрузку в таре!","выберите отгрузку в таре!",IF(B24="введите расстояние!","введите расстояние!",B24+B24*B6))) -> 0 | C26: Итоговая сумма за доставку с КДП (ориентировочно)
B29: =IFERROR(B12+B25+B26,"заполните все параметры") -> 0 | C29: Сумма к оплате (ориентировочно) | G29: *Итоговую сумму заказа составляют: стоимость растений+стоимость тары+стоимость доставки+комиссия за ден переводы.
B38: СПРАВОЧНАЯ вместимость в тару, шт | D38: Точный расчет количества и стоимости тары - после формирования Вашего заказа. | K38: СПРАВОЧНЫЙ расчет объёма заказа | O38: Точный расчет объема - после формирования Вашего заказа.
B40: Контейнер/Тара | D40: Ящик пластиковый 60*40*22 40шт на ПМ | E40: Ящик деревянный 100*120*100 2шт на ПМ | F40: Кольцо 100*120*40 | G40: Поддон 100*120*12 | H40: Бокс для выкопки нестандарт (до 140+) до ТК | I40: Крышка для Ящика деревянного 100*120*2 | K40: Кол-во растений в заказе, шт | L40: Предварительный вес заказа, кг | M40: Ящик пластиковый 60*40*30 40 штук на ПМ | N40: Ящик деревянный 100*120*100 1/2 ПМ | O40: Кольцо 100*120*40 1 шт на 1ПМ (не ТК, клиенту в фуру) | P40: Поддон 100*120*20 | Q40: Бокс для выкопки нестандарт (до 140+) до ТК | R40: ИТОГО
B41: Цена за тару | C41: Вес растения | D41: 350 | E41: 3900 | F41: 1600 | G41: 400 | H41: 5500 | I41: 400
B42: P7 | C42: 0.5 | D42: 40 | E42: 1500 справочно | F42: 700 справочно | K42: =SUMIF(Предзаказ_осень2026!#REF!,Калькулятор!B42,Предзаказ_осень2026!#REF!) -> #REF! | L42: =C42*K42 -> #REF! | M42: =K42/D42 -> #REF!
B43: P9 | C43: 0.55 | D43: 24 | E43: 1000 справочно | F43: 400 справочно | K43: =SUMIF(Предзаказ_осень2026!#REF!,Калькулятор!B43,Предзаказ_осень2026!#REF!) -> #REF! | L43: =C43*K43 -> #REF! | M43: =K43/D43 -> #REF!
B44: P13 | C44: 1 | E44: 190 | K44: =SUMIF(Предзаказ_осень2026!#REF!,Калькулятор!B44,Предзаказ_осень2026!#REF!) -> #REF! | L44: =C44*K44 -> #REF! | N44: =K44/E44 -> #REF!
B45: P14 | C45: 2 | E45: 120 | K45: =SUMIF(Предзаказ_осень2026!#REF!,Калькулятор!B45,Предзаказ_осень2026!#REF!) -> #REF! | L45: =C45*K45 -> #REF! | N45: =K45/E45 -> #REF!
B46: C1 | C46: 1 | E46: 190 | K46: =SUMIF(Предзаказ_осень2026!#REF!,Калькулятор!B46,Предзаказ_осень2026!#REF!) -> #REF! | L46: =C46*K46 -> #REF! | N46: =K46/E46 -> #REF!
B47: C1,5 | C47: 1.5 | E47: 165 | K47: =SUMIF(Предзаказ_осень2026!#REF!,Калькулятор!B47,Предзаказ_осень2026!#REF!) -> #REF! | L47: =C47*K47 -> #REF! | N47: =K47/E47 -> #REF!
B48: C2 | C48: 2 | E48: 120 | K48: =SUMIF(Предзаказ_осень2026!#REF!,Калькулятор!B48,Предзаказ_осень2026!#REF!) -> #REF! | L48: =C48*K48 -> #REF! | N48: =K48/E48 -> #REF!
B49: C2,5 | C49: 2.5 | K49: =SUMIF(Предзаказ_осень2026!#REF!,Калькулятор!B49,Предзаказ_осень2026!#REF!) -> #REF! | L49: =C49*K49 -> #REF!
B50: C2 PA | C50: 2.3 | G50: 90 | K50: =SUMIF(Предзаказ_осень2026!#REF!,Калькулятор!B50,Предзаказ_осень2026!#REF!) -> #REF! | L50: =C50*K50 -> #REF! | P50: =K50/G50 -> #REF!
B51: C3 | C51: 3 | E51: 100 | K51: =SUMIF(Предзаказ_осень2026!#REF!,Калькулятор!B51,Предзаказ_осень2026!#REF!) -> #REF! | L51: =C51*K51 -> #REF! | N51: =K51/E51 -> #REF!
B52: C3 PA | C52: 3.3 | G52: 70 | K52: =SUMIF(Предзаказ_осень2026!#REF!,Калькулятор!B52,Предзаказ_осень2026!#REF!) -> #REF! | L52: =C52*K52 -> #REF! | P52: =K52/G52 -> #REF!
B53: C4 | C53: 4 | E53: 40 | K53: =SUMIF(Предзаказ_осень2026!#REF!,Калькулятор!B53,Предзаказ_осень2026!#REF!) -> #REF! | L53: =C53*K53 -> #REF! | N53: =K53/E53 -> #REF!
B54: С4 PA | C54: 4.3 | K54: =SUMIF(Предзаказ_осень2026!#REF!,Калькулятор!B54,Предзаказ_осень2026!#REF!) -> #REF! | L54: =C54*K54 -> #REF!
B55: C4,5 | C55: 4.5 | K55: =SUMIF(Предзаказ_осень2026!#REF!,Калькулятор!B55,Предзаказ_осень2026!#REF!) -> #REF! | L55: =C55*K55 -> #REF!
B56: C4,5 PA | C56: 4.8 | K56: =SUMIF(Предзаказ_осень2026!#REF!,Калькулятор!B56,Предзаказ_осень2026!#REF!) -> #REF! | L56: =C56*K56 -> #REF!
B57: C5 | C57: 5 | E57: 40 | K57: =SUMIF(Предзаказ_осень2026!#REF!,Калькулятор!B57,Предзаказ_осень2026!#REF!) -> #REF! | L57: =C57*K57 -> #REF! | N57: =K57/E57 -> #REF!
B58: C5 PA | C58: 5.3 | G58: 50 | K58: =SUMIF(Предзаказ_осень2026!#REF!,Калькулятор!B58,Предзаказ_осень2026!#REF!) -> #REF! | L58: =C58*K58 -> #REF! | P58: =K58/G58 -> #REF!
B59: C6 | C59: 6 | K59: =SUMIF(Предзаказ_осень2026!#REF!,Калькулятор!B59,Предзаказ_осень2026!#REF!) -> #REF! | L59: =C59*K59 -> #REF!
B60: C6 PA | C60: 6.3 | K60: =SUMIF(Предзаказ_осень2026!#REF!,Калькулятор!B60,Предзаказ_осень2026!#REF!) -> #REF! | L60: =C60*K60 -> #REF!
B61: C7 | C61: 7 | E61: 25 | K61: =SUMIF(Предзаказ_осень2026!#REF!,Калькулятор!B61,Предзаказ_осень2026!#REF!) -> #REF! | L61: =C61*K61 -> #REF! | N61: =K61/E61 -> #REF!
B62: C7 PA | C62: 7.3 | K62: =SUMIF(Предзаказ_осень2026!#REF!,Калькулятор!B62,Предзаказ_осень2026!#REF!) -> #REF! | L62: =C62*K62 -> #REF!
B63: C7,5 | C63: 7.5 | E63: 20 | K63: =SUMIF(Предзаказ_осень2026!#REF!,Калькулятор!B63,Предзаказ_осень2026!#REF!) -> #REF! | L63: =C63*K63 -> #REF! | N63: =K63/E63 -> #REF!
B64: C7,5 PA | C64: 7.8 | G64: 40 | K64: =SUMIF(Предзаказ_осень2026!#REF!,Калькулятор!B64,Предзаказ_осень2026!#REF!) -> #REF! | L64: =C64*K64 -> #REF! | P64: =K64/G64 -> #REF!
B65: C10 | C65: 10 | E65: 15 | K65: =SUMIF(Предзаказ_осень2026!#REF!,Калькулятор!B65,Предзаказ_осень2026!#REF!) -> #REF! | L65: =C65*K65 -> #REF! | N65: =K65/E65 -> #REF!
B66: C10 PA | C66: 10.5 | K66: =SUMIF(Предзаказ_осень2026!#REF!,Калькулятор!B66,Предзаказ_осень2026!#REF!) -> #REF! | L66: =C66*K66 -> #REF!
B67: C11 | C67: 11 | K67: =SUMIF(Предзаказ_осень2026!#REF!,Калькулятор!B67,Предзаказ_осень2026!#REF!) -> #REF! | L67: =C67*K67 -> #REF!
B68: C12 | C68: 12 | K68: =SUMIF(Предзаказ_осень2026!#REF!,Калькулятор!B68,Предзаказ_осень2026!#REF!) -> #REF! | L68: =C68*K68 -> #REF!
B69: C12 PA | C69: 12.5 | K69: =SUMIF(Предзаказ_осень2026!#REF!,Калькулятор!B69,Предзаказ_осень2026!#REF!) -> #REF! | L69: =C69*K69 -> #REF!
B70: C15 | C70: 15 | K70: =SUMIF(Предзаказ_осень2026!#REF!,Калькулятор!B70,Предзаказ_осень2026!#REF!) -> #REF! | L70: =C70*K70 -> #REF!
B71: C15 PA | C71: 15.5 | K71: =SUMIF(Предзаказ_осень2026!#REF!,Калькулятор!B71,Предзаказ_осень2026!#REF!) -> #REF! | L71: =C71*K71 -> #REF!
B72: C16 | C72: 16 | K72: =SUMIF(Предзаказ_осень2026!#REF!,Калькулятор!B72,Предзаказ_осень2026!#REF!) -> #REF! | L72: =C72*K72 -> #REF!
B73: C16 PA | C73: 16.5 | K73: =SUMIF(Предзаказ_осень2026!#REF!,Калькулятор!B73,Предзаказ_осень2026!#REF!) -> #REF! | L73: =C73*K73 -> #REF!
B74: C18 | C74: 18 | E74: 9 | K74: =SUMIF(Предзаказ_осень2026!#REF!,Калькулятор!B74,Предзаказ_осень2026!#REF!) -> #REF! | L74: =C74*K74 -> #REF! | N74: =K74/E74 -> #REF! | R74: =IF(K74>0,"Крупногабартиные растения, требуется корректировка расчета нашим логистом!","") -> #REF!
B75: C18 PA | C75: 18.5 | K75: =SUMIF(Предзаказ_осень2026!#REF!,Калькулятор!B75,Предзаказ_осень2026!#REF!) -> #REF! | L75: =C75*K75 -> #REF!
B76: C20 | C76: 20 | K76: =SUMIF(Предзаказ_осень2026!#REF!,Калькулятор!B76,Предзаказ_осень2026!#REF!) -> #REF! | L76: =C76*K76 -> #REF!
B77: C20 PA | C77: 20.5 | K77: =SUMIF(Предзаказ_осень2026!#REF!,Калькулятор!B77,Предзаказ_осень2026!#REF!) -> #REF! | L77: =C77*K77 -> #REF!
B78: C25 | C78: 25 | K78: =SUMIF(Предзаказ_осень2026!#REF!,Калькулятор!B78,Предзаказ_осень2026!#REF!) -> #REF! | L78: =C78*K78 -> #REF!
B79: C25 PA | C79: 25.5 | K79: =SUMIF(Предзаказ_осень2026!#REF!,Калькулятор!B79,Предзаказ_осень2026!#REF!) -> #REF! | L79: =C79*K79 -> #REF!
B80: С35 | C80: 35 | K80: =SUMIF(Предзаказ_осень2026!#REF!,Калькулятор!B80,Предзаказ_осень2026!#REF!) -> #REF! | L80: =C80*K80 -> #REF!
B81: Выкопка, WRB, высота растения до 140 см | C81: 50 | H81: 9 | K81: =SUMIFS(Предзаказ_осень2026!#REF!,Предзаказ_осень2026!#REF!,"WRB",Предзаказ_осень2026!#REF!,"100-120") -> #REF! | L81: =C81*K81 -> #REF! | Q81: =K81/H81 -> #REF! | R81: =IF(K81>0,"Крупногабартиные растения, требуется корректировка расчета нашим логистом!","") -> #REF!
B82: Выкопка, WRB, высота растения более 140 см | C82: 80 | H82: 3 | K82: =SUMIFS(Предзаказ_осень2026!#REF!,Предзаказ_осень2026!#REF!,"WRB",Предзаказ_осень2026!#REF!,"140-160") -> #REF! | L82: =C82*K82 -> #REF! | Q82: =K82/H82 -> #REF! | R82: =IF(K82>0,"Крупногабартиные растения, требуется корректировка расчета нашим логистом!","") -> #REF!
J83: ИТОГО: | K83: =SUM(K42:K82) -> #REF! | L83: =SUM(L42:L82) -> #REF! | M83: =ROUNDUP(M43,0)+ROUNDUP(M42,0) -> #REF! | N83: =ROUNDUP(SUM(N42:N82),0) -> #REF! | P83: =ROUNDUP(SUM(P42:P82),0) -> #REF! | Q83: =ROUNDUP(SUM(Q42:Q82),0) -> #REF!
J85: Сумма за тару (предварительно) | M85: =M83*$D$41 -> #REF! | N85: =N83*$E$41 -> #REF! | P85: =P83*$G$41 -> #REF! | Q85: =Q83*$H$41 -> #REF! | R85: =SUM(M85:Q85) -> #REF!
J86: Итого паллетомест (предварительно) | M86: =M83/45 -> #REF! | N86: =ROUNDUP((ROUNDUP(N83,0)/2),0) -> #REF! | P86: =P83 -> #REF! | Q86: =Q83 -> #REF! | R86: =SUM(M86:Q86) -> #REF!
J87: Сумма за доставку (предварительно) | R87: =O123 -> #REF!
K120: Вся следующая часть внизу будет не видна для клиента:
K122: по весу | L122: по объёму в таре | M122: итоговая машина | N122: км ввёл клиент | O122: сумма за доставку
K123: =IF(L83<=L127-150,K127,IF(L83<=L128-150,K128,IF(L83<=L129-150,K129,IF(L83<=L130-150,K130,"индивидуальный расчет")))) -> #REF! | L123: =IF(R86<=M127,K127,IF(R86<=M128,K128,IF(R86<=M129,K129,IF(R86<=M130,K130,"индивидуальный расчет")))) -> #REF! | M123: =IF(B20="Навалом",VLOOKUP(K123,K127:O130,5,0),IF(VLOOKUP(K123,K127:L130,2,0)>VLOOKUP(L123,K127:L130,2,0),K123,L123)) -> #REF! | N123: =B22 -> 0 | O123: =VLOOKUP(M123,K127:N130,4,0)*N123 -> #REF!
K126: машина | L126: кг | M126: вместимость ПМ | N126: стоимость за КМ | O126: машина | Q126: Цены без КДП
G127: В 2,20 м | H127: Ш 1,90 м | J127: Д 4,10 м | K127: газель | L127: 2500 | M127: 4 | N127: 100 | O127: газель | P127: 4 ПМ
G128: В 2,3 м | H128: Ш 2,45 м | J128: Д 6,2 м | K128: 5-тонник | L128: 5000 | M128: 12 | N128: 130 | O128: 5-тонник | P128: 12 ПМ | Q128: 24 бокса | R128: БЕЗ КОЛЕЦ
G129: В 2,45 м | H129: Ш 2,45 м | J129: Д 6,2 м | K129: 10-тонник | L129: 10000 | M129: 12 | N129: 150 | O129: 10-тонник | P129: 12 ПМ | Q129: 24 бокса | R129: С КОЛЬЦАМИ
G130: В 2,45 м | H130: Ш 2,45 м | J130: Д 13,5 м | K130: фура | L130: 20000 | M130: 26 | N130: 200 | O130: фура | P130: 26 ПМ | Q130: 52 бокса | R130: С КОЛЬЦАМИ

Sheet Предзаказ_осень2026
Q1: Предложение Выкопка_осень 2026 | V1: Подпишитесь на наши каналы в MAX и Telegram, чтобы всегда быть в курсе последних новостей, предложений и акций:
M3: Адрес склада: Московская область, Каширский район, дер. Барабаново
M4: Выдача заказов: WRB - с 17 августа-ноябрь 2026
M5: * Сроки выкопки и выдачи растений могут измениться в зависимости от погодных условий.
M7: Общий минимальный заказ 35 000 ₽
M10: При полной оплате заказа до 25 августа 2026 года предоставляется скидка 5%.
M11: Аванс для бронирования: 50%, оплата перед отгрузкой 50%
M12: Оплата в рублях.
M13: * Цены в прайсе указаны при оплате наличными в кассу. При оплате по безналу выберете в калькуляторе способ оплаты на р/счет.
M15: Перед оформлением заказа, пожалуйста, ознакомьтесь с условиями работы и подтвердите своё согласие с ними: | U15: =SUM(Y21:Y203) -> 0 | W15: количество растений
N16: >>> Условия работы <<< | T16: =IF(U16=0, "", IF(U16<35000, "ОШИБКА!!!", "")) | U16: =SUM(AA21:AA203) -> 0 | W16: итоговая сумма за растения | AA16: =IF(U16=0, "", IF(U16<35000, "НЕ СОБЛЮДЕНЫ УСЛОВИЯ минимальной суммы заказа", ""))
Q18: с условиями работы ознакомлен | R18: нет | U18: Перейти в калькулятор <<<<<<
E19: АСТ контейнер | U19: Опт (50 тыс. ₽ - 200 тыс. ₽) | W19: Крупный опт (≥200 тыс. ₽) | Z19: =SUM(Z21:Z203) -> 0
D20: Остатки ОП | E20: Всего | F20: свободно | G20: Остатки СЦ | H20: Партнер | J20: Товарная категория | K20: Род, вид на русском | L20: Род, вид на латинском | M20: Сорт | N20: Упаковка корневой системы | O20: Высота, см | P20: Ширина, см | Q20: Высота штамба, см | R20: Примечание | S20: Страна производитель | T20: Минимальный заказ, шт | U20: заказ <20 шт на позицию ОПТ | V20: заказ ≥20 шт на позицию ОПТ-3% | W20: заказ <20 шт на позицию ОПТ-9% | X20: заказ ≥20 шт на позицию ОПТ-15% | Y20: Заказ, шт | Z20: Сумма предварительная | AA20: Общая сумма заказа в рублях | AB20: Подтверждение | AC20: Ассортимент | AD20: Особенности | AE20: Описание
C21: * | J21: WRB_Выкопка
C22: 46-38-16559 | H22: 3 | I22: руб | J22: WRB_Лиственные деревья | K22: Ива ломкая шаровидная | L22: Salix fragilis | M22: Globosa | N22: WRB | O22: 100-120 | S22: RUS | T22: 1 | U22: 4125 | V22: 4000 | W22: 3750 | X22: 3525 | Z22: =U22*Y22 -> 0 | AA22: =IF(V22<>"",IF(AND($Z$19>=200000,Y22>=20),Y22*X22,IF(AND($Z$19>=200000,Y22<20),Y22*W22,IF(AND($Z$19<200000,Y22>=20),Y22*V22,Y22*U22))),IF($Z$19>=200000,Y22*W22,Y22*U22)) -> 0 | AF22: =IF(Y22/T22=0,"",IF(MOD(Y22,T22)>0,"ОШИБКА!!! неверная кратность на сорт",""))
C23: 46-38-16560 | H23: 4 | I23: руб | J23: WRB_Лиственные деревья | K23: Ива ломкая шаровидная | L23: Salix fragilis | M23: Globosa | N23: WRB | O23: 120-140 | S23: RUS | T23: 1 | U23: 4917 | V23: 4768 | W23: 4470 | X23: 4202 | Z23: =U23*Y23 -> 0 | AA23: =IF(V23<>"",IF(AND($Z$19>=200000,Y23>=20),Y23*X23,IF(AND($Z$19>=200000,Y23<20),Y23*W23,IF(AND($Z$19<200000,Y23>=20),Y23*V23,Y23*U23))),IF($Z$19>=200000,Y23*W23,Y23*U23)) -> 0 | AF23: =IF(Y23/T23=0,"",IF(MOD(Y23,T23)>0,"ОШИБКА!!! неверная кратность на сорт",""))
C24: 46-38-16561 | H24: 9 | I24: руб | J24: WRB_Лиственные деревья | K24: Ива ломкая шаровидная | L24: Salix fragilis | M24: Globosa | N24: WRB | O24: 140-160 | S24: RUS | T24: 1 | U24: 5445 | V24: 5280 | W24: 4950 | X24: 4653 | Z24: =U24*Y24 -> 0 | AA24: =IF(V24<>"",IF(AND($Z$19>=200000,Y24>=20),Y24*X24,IF(AND($Z$19>=200000,Y24<20),Y24*W24,IF(AND($Z$19<200000,Y24>=20),Y24*V24,Y24*U24))),IF($Z$19>=200000,Y24*W24,Y24*U24)) -> 0 | AF24: =IF(Y24/T24=0,"",IF(MOD(Y24,T24)>0,"ОШИБКА!!! неверная кратность на сорт",""))
C25: 46-38-16562 | H25: 17 | I25: руб | J25: WRB_Лиственные деревья | K25: Ива ломкая шаровидная | L25: Salix fragilis | M25: Globosa | N25: WRB | O25: 160-180 | S25: RUS | T25: 1 | U25: 6319 | V25: 6128 | W25: 5745 | X25: 5400 | Z25: =U25*Y25 -> 0 | AA25: =IF(V25<>"",IF(AND($Z$19>=200000,Y25>=20),Y25*X25,IF(AND($Z$19>=200000,Y25<20),Y25*W25,IF(AND($Z$19<200000,Y25>=20),Y25*V25,Y25*U25))),IF($Z$19>=200000,Y25*W25,Y25*U25)) -> 0 | AF25: =IF(Y25/T25=0,"",IF(MOD(Y25,T25)>0,"ОШИБКА!!! неверная кратность на сорт",""))
C26: 46-38-16563 | H26: 33 | I26: руб | J26: WRB_Лиственные деревья | K26: Ива ломкая шаровидная | L26: Salix fragilis | M26: Globosa | N26: WRB | O26: 180-200 | S26: RUS | T26: 1 | U26: 6848 | V26: 6640 | W26: 6225 | X26: 5852 | Z26: =U26*Y26 -> 0 | AA26: =IF(V26<>"",IF(AND($Z$19>=200000,Y26>=20),Y26*X26,IF(AND($Z$19>=200000,Y26<20),Y26*W26,IF(AND($Z$19<200000,Y26>=20),Y26*V26,Y26*U26))),IF($Z$19>=200000,Y26*W26,Y26*U26)) -> 0 | AF26: =IF(Y26/T26=0,"",IF(MOD(Y26,T26)>0,"ОШИБКА!!! неверная кратность на сорт",""))
C27: 46-38-16564 | H27: 49 | I27: руб | J27: WRB_Лиственные деревья | K27: Ива ломкая шаровидная | L27: Salix fragilis | M27: Globosa | N27: WRB | O27: 200-220 | S27: RUS | T27: 1 | U27: 7574 | V27: 7344 | W27: 6885 | X27: 6472 | Z27: =U27*Y27 -> 0 | AA27: =IF(V27<>"",IF(AND($Z$19>=200000,Y27>=20),Y27*X27,IF(AND($Z$19>=200000,Y27<20),Y27*W27,IF(AND($Z$19<200000,Y27>=20),Y27*V27,Y27*U27))),IF($Z$19>=200000,Y27*W27,Y27*U27)) -> 0 | AF27: =IF(Y27/T27=0,"",IF(MOD(Y27,T27)>0,"ОШИБКА!!! неверная кратность на сорт",""))
C28: 46-38-16565 | H28: 38 | I28: руб | J28: WRB_Лиственные деревья | K28: Ива ломкая шаровидная | L28: Salix fragilis | M28: Globosa | N28: WRB | O28: 220-240 | S28: RUS | T28: 1 | U28: 8399 | V28: 8144 | W28: 7635 | X28: 7177 | Z28: =U28*Y28 -> 0 | AA28: =IF(V28<>"",IF(AND($Z$19>=200000,Y28>=20),Y28*X28,IF(AND($Z$19>=200000,Y28<20),Y28*W28,IF(AND($Z$19<200000,Y28>=20),Y28*V28,Y28*U28))),IF($Z$19>=200000,Y28*W28,Y28*U28)) -> 0 | AF28: =IF(Y28/T28=0,"",IF(MOD(Y28,T28)>0,"ОШИБКА!!! неверная кратность на сорт",""))
C29: 46-38-9965 | I29: руб | J29: WRB_Лиственные деревья | K29: Рябина обыкновенная | L29: Sorbus aucuparia | N29: WRB | O29: 500+ | S29: RUS | T29: 1 | U29: 4125 | V29: 4000 | W29: 3750 | X29: 3525 | Z29: =U29*Y29 -> 0 | AA29: =IF(V29<>"",IF(AND($Z$19>=200000,Y29>=20),Y29*X29,IF(AND($Z$19>=200000,Y29<20),Y29*W29,IF(AND($Z$19<200000,Y29>=20),Y29*V29,Y29*U29))),IF($Z$19>=200000,Y29*W29,Y29*U29)) -> 0 | AB29: ПРОДАНО | AF29: =IF(Y29/T29=0,"",IF(MOD(Y29,T29)>0,"ОШИБКА!!! неверная кратность на сорт",""))
C30: 46-38-14517 | I30: руб | J30: WRB_Лиственные деревья | K30: Черемуха виргинская | L30: Prunus virginiana | M30: Shubert | N30: WRB | O30: 180-200 | S30: RUS | T30: 1 | U30: 5940 | V30: 5760 | W30: 5400 | X30: 5076 | Z30: =U30*Y30 -> 0 | AA30: =IF(V30<>"",IF(AND($Z$19>=200000,Y30>=20),Y30*X30,IF(AND($Z$19>=200000,Y30<20),Y30*W30,IF(AND($Z$19<200000,Y30>=20),Y30*V30,Y30*U30))),IF($Z$19>=200000,Y30*W30,Y30*U30)) -> 0 | AB30: ПРОДАНО | AF30: =IF(Y30/T30=0,"",IF(MOD(Y30,T30)>0,"ОШИБКА!!! неверная кратность на сорт",""))
C31: 46-38-16094 | I31: руб | J31: WRB_Лиственные деревья | K31: Черемуха виргинская | L31: Prunus virginiana | M31: Shubert | N31: WRB | O31: 220-240 | S31: RUS | T31: 1 | U31: 6930 | V31: 6720 | W31: 6300 | X31: 5922 | Z31: =U31*Y31 -> 0 | AA31: =IF(V31<>"",IF(AND($Z$19>=200000,Y31>=20),Y31*X31,IF(AND($Z$19>=200000,Y31<20),Y31*W31,IF(AND($Z$19<200000,Y31>=20),Y31*V31,Y31*U31))),IF($Z$19>=200000,Y31*W31,Y31*U31)) -> 0 | AB31: ПРОДАНО | AF31: =IF(Y31/T31=0,"",IF(MOD(Y31,T31)>0,"ОШИБКА!!! неверная кратность на сорт",""))
C32: 46-38-11806 | H32: 18 | I32: руб | J32: WRB_Лиственные деревья | K32: Черемуха виргинская | L32: Prunus virginiana | M32: Shubert | N32: WRB | O32: 250-300 | S32: RUS | T32: 1 | U32: 7920 | V32: 7680 | W32: 7200 | X32: 6768 | Z32: =U32*Y32 -> 0 | AA32: =IF(V32<>"",IF(AND($Z$19>=200000,Y32>=20),Y32*X32,IF(AND($Z$19>=200000,Y32<20),Y32*W32,IF(AND($Z$19<200000,Y32>=20),Y32*V32,Y32*U32))),IF($Z$19>=200000,Y32*W32,Y32*U32)) -> 0 | AF32: =IF(Y32/T32=0,"",IF(MOD(Y32,T32)>0,"ОШИБКА!!! неверная кратность на сорт",""))
C33: 46-38-11808 | H33: 13 | I33: руб | J33: WRB_Лиственные деревья | K33: Яблоня | L33: Malus | M33: Недзвецкого | N33: WRB | O33: 250-300 | S33: RUS | T33: 1 | U33: 15840 | V33: 15360 | W33: 14400 | X33: 13536 | Z33: =U33*Y33 -> 0 | AA33: =IF(V33<>"",IF(AND($Z$19>=200000,Y33>=20),Y33*X33,IF(AND($Z$19>=200000,Y33<20),Y33*W33,IF(AND($Z$19<200000,Y33>=20),Y33*V33,Y33*U33))),IF($Z$19>=200000,Y33*W33,Y33*U33)) -> 0 | AF33: =IF(Y33/T33=0,"",IF(MOD(Y33,T33)>0,"ОШИБКА!!! неверная кратность на сорт",""))
C34: 46-38-3022 | D34: 1 | G34: 0 | H34: 8 | I34: руб | J34: WRB_Хвойные | K34: Ель колючая | L34: Picea pungens | M34: Glauca | N34: WRB | O34: 100-120 | S34: RUS | T34: 1 | U34: 4446 | V34: 4311 | W34: 4041 | X34: 3799 | Z34: =U34*Y34 -> 0 | AA34: =IF(V34<>"",IF(AND($Z$19>=200000,Y34>=20),Y34*X34,IF(AND($Z$19>=200000,Y34<20),Y34*W34,IF(AND($Z$19<200000,Y34>=20),Y34*V34,Y34*U34))),IF($Z$19>=200000,Y34*W34,Y34*U34)) -> 0 | AF34: =IF(Y34/T34=0,"",IF(MOD(Y34,T34)>0,"ОШИБКА!!! неверная кратность на сорт",""))
C35: 46-38-4329 | D35: 4 | G35: 2 | H35: 3 | I35: руб | J35: WRB_Хвойные | K35: Ель колючая | L35: Picea pungens | M35: Glauca | N35: WRB | O35: 120-140 | S35: RUS | T35: 1 | U35: 4842 | V35: 4695 | W35: 4401 | X35: 4137 | Z35: =U35*Y35 -> 0 | AA35: =IF(V35<>"",IF(AND($Z$19>=200000,Y35>=20),Y35*X35,IF(AND($Z$19>=200000,Y35<20),Y35*W35,IF(AND($Z$19<200000,Y35>=20),Y35*V35,Y35*U35))),IF($Z$19>=200000,Y35*W35,Y35*U35)) -> 0 | AF35: =IF(Y35/T35=0,"",IF(MOD(Y35,T35)>0,"ОШИБКА!!! неверная кратность на сорт",""))
C36: 46-38-2132 | H36: 5 | I36: руб | J36: WRB_Хвойные | K36: Ель колючая | L36: Picea pungens | M36: Glauca | N36: WRB | O36: 140-160 | S36: RUS | T36: 1 | U36: 5247 | V36: 5088 | W36: 4770 | X36: 4484 | Z36: =U36*Y36 -> 0 | AA36: =IF(V36<>"",IF(AND($Z$19>=200000,Y36>=20),Y36*X36,IF(AND($Z$19>=200000,Y36<20),Y36*W36,IF(AND($Z$19<200000,Y36>=20),Y36*V36,Y36*U36))),IF($Z$19>=200000,Y36*W36,Y36*U36)) -> 0 | AF36: =IF(Y36/T36=0,"",IF(MOD(Y36,T36)>0,"ОШИБКА!!! неверная кратность на сорт",""))
C37: 46-38-16530 | H37: 13 | I37: руб | J37: WRB_Хвойные | K37: Ель колючая | L37: Picea pungens | M37: Glauca Globosa=Globosa | N37: WRB | O37: 30-40 | S37: RUS | T37: 1 | U37: 6584 | V37: 6384 | W37: 5985 | X37: 5626 | Z37: =U37*Y37 -> 0 | AA37: =IF(V37<>"",IF(AND($Z$19>=200000,Y37>=20),Y37*X37,IF(AND($Z$19>=200000,Y37<20),Y37*W37,IF(AND($Z$19<200000,Y37>=20),Y37*V37,Y37*U37))),IF($Z$19>=200000,Y37*W37,Y37*U37)) -> 0
C38: 46-38-14505 | D38: 0 | G38: 5 | H38: 93 | I38: руб | J38: WRB_Хвойные | K38: Ель колючая | L38: Picea pungens | M38: Glauca Globosa=Globosa | N38: WRB | O38: 40-60 | S38: RUS | T38: 1 | U38: 7574 | V38: 7344 | W38: 6885 | X38: 6472 | Z38: =U38*Y38 -> 0 | AA38: =IF(V38<>"",IF(AND($Z$19>=200000,Y38>=20),Y38*X38,IF(AND($Z$19>=200000,Y38<20),Y38*W38,IF(AND($Z$19<200000,Y38>=20),Y38*V38,Y38*U38))),IF($Z$19>=200000,Y38*W38,Y38*U38)) -> 0 | AF38: =IF(Y38/T38=0,"",IF(MOD(Y38,T38)>0,"ОШИБКА!!! неверная кратность на сорт",""))
C39: 46-38-15971 | D39: 8 | G39: 0 | H39: 137 | I39: руб | J39: WRB_Хвойные | K39: Ель колючая | L39: Picea pungens | M39: Glauca Globosa=Globosa | N39: WRB | O39: 60-80 | S39: RUS | T39: 1 | U39: 11361 | V39: 11016 | W39: 10328 | X39: 9708 | Z39: =U39*Y39 -> 0 | AA39: =IF(V39<>"",IF(AND($Z$19>=200000,Y39>=20),Y39*X39,IF(AND($Z$19>=200000,Y39<20),Y39*W39,IF(AND($Z$19<200000,Y39>=20),Y39*V39,Y39*U39))),IF($Z$19>=200000,Y39*W39,Y39*U39)) -> 0 | AF39: =IF(Y39/T39=0,"",IF(MOD(Y39,T39)>0,"ОШИБКА!!! неверная кратность на сорт",""))
C40: 46-38-15972 | H40: 13 | I40: руб | J40: WRB_Хвойные | K40: Ель колючая | L40: Picea pungens | M40: Glauca Globosa=Globosa | N40: WRB | O40: 80-100 | S40: RUS | T40: 1 | U40: 19800 | V40: 19200 | W40: 18000 | X40: 16920 | Z40: =U40*Y40 -> 0 | AA40: =IF(V40<>"",IF(AND($Z$19>=200000,Y40>=20),Y40*X40,IF(AND($Z$19>=200000,Y40<20),Y40*W40,IF(AND($Z$19<200000,Y40>=20),Y40*V40,Y40*U40))),IF($Z$19>=200000,Y40*W40,Y40*U40)) -> 0 | AF40: =IF(Y40/T40=0,"",IF(MOD(Y40,T40)>0,"ОШИБКА!!! неверная кратность на сорт",""))
C41: 46-38-15979 | H41: 3 | I41: руб | J41: WRB_Хвойные | K41: Ель колючая | L41: Picea pungens | M41: Ohlendorffii | N41: WRB | O41: 30-40 | S41: RUS | T41: 1 | U41: 4446 | V41: 4311 | W41: 4041 | X41: 3799 | Z41: =U41*Y41 -> 0 | AA41: =IF(V41<>"",IF(AND($Z$19>=200000,Y41>=20),Y41*X41,IF(AND($Z$19>=200000,Y41<20),Y41*W41,IF(AND($Z$19<200000,Y41>=20),Y41*V41,Y41*U41))),IF($Z$19>=200000,Y41*W41,Y41*U41)) -> 0 | AF41: =IF(Y41/T41=0,"",IF(MOD(Y41,T41)>0,"ОШИБКА!!! неверная кратность на сорт",""))
C42: 46-38-15980 | H42: 2 | I42: руб | J42: WRB_Хвойные | K42: Ель колючая | L42: Picea pungens | M42: Ohlendorffii | N42: WRB | O42: 40-60 | S42: RUS | T42: 1 | U42: 4950 | V42: 4800 | W42: 4500 | X42: 4230 | Z42: =U42*Y42 -> 0 | AA42: =IF(V42<>"",IF(AND($Z$19>=200000,Y42>=20),Y42*X42,IF(AND($Z$19>=200000,Y42<20),Y42*W42,IF(AND($Z$19<200000,Y42>=20),Y42*V42,Y42*U42))),IF($Z$19>=200000,Y42*W42,Y42*U42)) -> 0 | AF42: =IF(Y42/T42=0,"",IF(MOD(Y42,T42)>0,"ОШИБКА!!! неверная кратность на сорт",""))
C43: 46-38-15981 | H43: 9 | I43: руб | J43: WRB_Хвойные | K43: Ель колючая | L43: Picea pungens | M43: Ohlendorffii | N43: WRB | O43: 60-80 | S43: RUS | T43: 1 | U43: 5940 | V43: 5760 | W43: 5400 | X43: 5076 | Z43: =U43*Y43 -> 0 | AA43: =IF(V43<>"",IF(AND($Z$19>=200000,Y43>=20),Y43*X43,IF(AND($Z$19>=200000,Y43<20),Y43*W43,IF(AND($Z$19<200000,Y43>=20),Y43*V43,Y43*U43))),IF($Z$19>=200000,Y43*W43,Y43*U43)) -> 0 | AF43: =IF(Y43/T43=0,"",IF(MOD(Y43,T43)>0,"ОШИБКА!!! неверная кратность на сорт",""))
C44: 46-38-16531 | H44: 4 | I44: руб | J44: WRB_Хвойные | K44: Ель колючая | L44: Picea pungens | M44: Ohlendorffii | N44: WRB | O44: 80-100 | S44: RUS | T44: 1 | U44: 6765 | V44: 6560 | W44: 6150 | X44: 5781 | Z44: =U44*Y44 -> 0 | AA44: =IF(V44<>"",IF(AND($Z$19>=200000,Y44>=20),Y44*X44,IF(AND($Z$19>=200000,Y44<20),Y44*W44,IF(AND($Z$19<200000,Y44>=20),Y44*V44,Y44*U44))),IF($Z$19>=200000,Y44*W44,Y44*U44)) -> 0
C45: 46-318-2651 | D45: 1 | G45: 0 | H45: 129 | I45: руб | J45: WRB_Хвойные | K45: Ель колючая | L45: Picea pungens | M45: Super Blue Seedling | N45: WRB | O45: 40-60 | R45: ЭКСТРА качество | S45: RUS | T45: 1 | U45: 10049 | V45: 9744 | W45: 9135 | X45: 8587 | Z45: =U45*Y45 -> 0 | AA45: =IF(V45<>"",IF(AND($Z$19>=200000,Y45>=20),Y45*X45,IF(AND($Z$19>=200000,Y45<20),Y45*W45,IF(AND($Z$19<200000,Y45>=20),Y45*V45,Y45*U45))),IF($Z$19>=200000,Y45*W45,Y45*U45)) -> 0 | AF45: =IF(Y45/T45=0,"",IF(MOD(Y45,T45)>0,"ОШИБКА!!! неверная кратность на сорт",""))
C46: 46-318-2726 | H46: 173 | I46: руб | J46: WRB_Хвойные | K46: Ель колючая | L46: Picea pungens | M46: Super Blue Seedling | N46: WRB | O46: 60-80 | R46: ЭКСТРА качество | S46: RUS | T46: 1 | U46: 10590 | V46: 10269 | W46: 9627 | X46: 9050 | Z46: =U46*Y46 -> 0 | AA46: =IF(V46<>"",IF(AND($Z$19>=200000,Y46>=20),Y46*X46,IF(AND($Z$19>=200000,Y46<20),Y46*W46,IF(AND($Z$19<200000,Y46>=20),Y46*V46,Y46*U46))),IF($Z$19>=200000,Y46*W46,Y46*U46)) -> 0 | AF46: =IF(Y46/T46=0,"",IF(MOD(Y46,T46)>0,"ОШИБКА!!! неверная кратность на сорт",""))
C47: 46-318-2727 | H47: 25 | I47: руб | J47: WRB_Хвойные | K47: Ель колючая | L47: Picea pungens | M47: Super Blue Seedling | N47: WRB | O47: 80-100 | R47: ЭКСТРА качество | S47: RUS | T47: 1 | U47: 11234 | V47: 10893 | W47: 10212 | X47: 9600 | Z47: =U47*Y47 -> 0 | AA47: =IF(V47<>"",IF(AND($Z$19>=200000,Y47>=20),Y47*X47,IF(AND($Z$19>=200000,Y47<20),Y47*W47,IF(AND($Z$19<200000,Y47>=20),Y47*V47,Y47*U47))),IF($Z$19>=200000,Y47*W47,Y47*U47)) -> 0 | AF47: =IF(Y47/T47=0,"",IF(MOD(Y47,T47)>0,"ОШИБКА!!! неверная кратность на сорт",""))
C48: 46-38-15702 | H48: 1 | I48: руб | J48: WRB_Хвойные | K48: Ель обыкновенная | L48: Picea abies | M48: Nidiformis | N48: WRB | O48: 30-40 | S48: RUS | T48: 1 | U48: 5693 | V48: 5520 | W48: 5175 | X48: 4865 | Z48: =U48*Y48 -> 0 | AA48: =IF(V48<>"",IF(AND($Z$19>=200000,Y48>=20),Y48*X48,IF(AND($Z$19>=200000,Y48<20),Y48*W48,IF(AND($Z$19<200000,Y48>=20),Y48*V48,Y48*U48))),IF($Z$19>=200000,Y48*W48,Y48*U48)) -> 0
C49: 46-38-15162 | I49: руб | J49: WRB_Хвойные | K49: Ель обыкновенная | L49: Picea abies | M49: Nidiformis | N49: WRB | O49: 40-60 | S49: RUS | T49: 1 | U49: 6534 | V49: 6336 | W49: 5940 | X49: 5584 | Z49: =U49*Y49 -> 0 | AA49: =IF(V49<>"",IF(AND($Z$19>=200000,Y49>=20),Y49*X49,IF(AND($Z$19>=200000,Y49<20),Y49*W49,IF(AND($Z$19<200000,Y49>=20),Y49*V49,Y49*U49))),IF($Z$19>=200000,Y49*W49,Y49*U49)) -> 0 | AB49: ПРОДАНО | AF49: =IF(Y49/T49=0,"",IF(MOD(Y49,T49)>0,"ОШИБКА!!! неверная кратность на сорт",""))
C50: 46-38-14509 | I50: руб | J50: WRB_Хвойные | K50: Можжевельник казацкий | L50: Juniperus sabina | M50: Glauca | N50: WRB | O50: 80-100 | P50: 20-30 | S50: RUS | T50: 1 | U50: 5940 | V50: 5760 | W50: 5400 | X50: 5076 | Z50: =U50*Y50 -> 0 | AA50: =IF(V50<>"",IF(AND($Z$19>=200000,Y50>=20),Y50*X50,IF(AND($Z$19>=200000,Y50<20),Y50*W50,IF(AND($Z$19<200000,Y50>=20),Y50*V50,Y50*U50))),IF($Z$19>=200000,Y50*W50,Y50*U50)) -> 0 | AB50: ПРОДАНО | AF50: =IF(Y50/T50=0,"",IF(MOD(Y50,T50)>0,"ОШИБКА!!! неверная кратность на сорт",""))
C51: 46-38-15973 | D51: 1 | G51: 0 | I51: руб | J51: WRB_Хвойные | K51: Можжевельник казацкий | L51: Juniperus sabina | M51: Glauca | N51: WRB | O51: 20-30 | P51: 100-120 | S51: RUS | T51: 1 | U51: 6930 | V51: 6720 | W51: 6300 | X51: 5922 | Z51: =U51*Y51 -> 0 | AA51: =IF(V51<>"",IF(AND($Z$19>=200000,Y51>=20),Y51*X51,IF(AND($Z$19>=200000,Y51<20),Y51*W51,IF(AND($Z$19<200000,Y51>=20),Y51*V51,Y51*U51))),IF($Z$19>=200000,Y51*W51,Y51*U51)) -> 0 | AF51: =IF(Y51/T51=0,"",IF(MOD(Y51,T51)>0,"ОШИБКА!!! неверная кратность на сорт",""))
C52: 46-38-15963 | I52: руб | J52: WRB_Хвойные | K52: Можжевельник китайский | L52: Juniperus chinensis | M52: Blue Alps | N52: WRB | O52: 40-60 | S52: RUS | T52: 1 | U52: 3512 | V52: 3405 | W52: 3192 | X52: 3001 | Z52: =U52*Y52 -> 0 | AA52: =IF(V52<>"",IF(AND($Z$19>=200000,Y52>=20),Y52*X52,IF(AND($Z$19>=200000,Y52<20),Y52*W52,IF(AND($Z$19<200000,Y52>=20),Y52*V52,Y52*U52))),IF($Z$19>=200000,Y52*W52,Y52*U52)) -> 0 | AB52: ПРОДАНО | AF52: =IF(Y52/T52=0,"",IF(MOD(Y52,T52)>0,"ОШИБКА!!! неверная кратность на сорт",""))
C53: 46-38-15964 | I53: руб | J53: WRB_Хвойные | K53: Можжевельник китайский | L53: Juniperus chinensis | M53: Blue Alps | N53: WRB | O53: 60-80 | S53: RUS | T53: 1 | U53: 4096 | V53: 3972 | W53: 3723 | X53: 3500 | Z53: =U53*Y53 -> 0 | AA53: =IF(V53<>"",IF(AND($Z$19>=200000,Y53>=20),Y53*X53,IF(AND($Z$19>=200000,Y53<20),Y53*W53,IF(AND($Z$19<200000,Y53>=20),Y53*V53,Y53*U53))),IF($Z$19>=200000,Y53*W53,Y53*U53)) -> 0 | AB53: ПРОДАНО | AF53: =IF(Y53/T53=0,"",IF(MOD(Y53,T53)>0,"ОШИБКА!!! неверная кратность на сорт",""))
C54: 46-38-15965 | I54: руб | J54: WRB_Хвойные | K54: Можжевельник китайский | L54: Juniperus chinensis | M54: Blue Alps | N54: WRB | O54: 80-100 | S54: RUS | T54: 1 | U54: 5267 | V54: 5108 | W54: 4788 | X54: 4501 | Z54: =U54*Y54 -> 0 | AA54: =IF(V54<>"",IF(AND($Z$19>=200000,Y54>=20),Y54*X54,IF(AND($Z$19>=200000,Y54<20),Y54*W54,IF(AND($Z$19<200000,Y54>=20),Y54*V54,Y54*U54))),IF($Z$19>=200000,Y54*W54,Y54*U54)) -> 0 | AB54: ПРОДАНО | AF54: =IF(Y54/T54=0,"",IF(MOD(Y54,T54)>0,"ОШИБКА!!! неверная кратность на сорт",""))
C55: 46-38-16534 | H55: 2 | I55: руб | J55: WRB_Хвойные | K55: Можжевельник пфитцера, средний | L55: Juniperus pfitzeriana | M55: Mint Julep | N55: WRB | O55: 20-30 40-60 | S55: RUS | T55: 1 | U55: 2970 | V55: 2880 | W55: 2700 | X55: 2538 | Z55: =U55*Y55 -> 0 | AA55: =IF(V55<>"",IF(AND($Z$19>=200000,Y55>=20),Y55*X55,IF(AND($Z$19>=200000,Y55<20),Y55*W55,IF(AND($Z$19<200000,Y55>=20),Y55*V55,Y55*U55))),IF($Z$19>=200000,Y55*W55,Y55*U55)) -> 0
C56: 46-38-16535 | H56: 5 | I56: руб | J56: WRB_Хвойные | K56: Можжевельник пфитцера, средний | L56: Juniperus pfitzeriana | M56: Mint Julep | N56: WRB | O56: 20-30 80-100 | S56: RUS | T56: 1 | U56: 3630 | V56: 3520 | W56: 3300 | X56: 3102 | Z56: =U56*Y56 -> 0 | AA56: =IF(V56<>"",IF(AND($Z$19>=200000,Y56>=20),Y56*X56,IF(AND($Z$19>=200000,Y56<20),Y56*W56,IF(AND($Z$19<200000,Y56>=20),Y56*V56,Y56*U56))),IF($Z$19>=200000,Y56*W56,Y56*U56)) -> 0
C57: 46-38-16536 | H57: 11 | I57: руб | J57: WRB_Хвойные | K57: Можжевельник пфитцера, средний | L57: Juniperus pfitzeriana | M57: Mint Julep | N57: WRB | O57: 20-30 100-120 | S57: RUS | T57: 1 | U57: 4290 | V57: 4160 | W57: 3900 | X57: 3666 | Z57: =U57*Y57 -> 0 | AA57: =IF(V57<>"",IF(AND($Z$19>=200000,Y57>=20),Y57*X57,IF(AND($Z$19>=200000,Y57<20),Y57*W57,IF(AND($Z$19<200000,Y57>=20),Y57*V57,Y57*U57))),IF($Z$19>=200000,Y57*W57,Y57*U57)) -> 0
C58: 46-38-16537 | H58: 10 | I58: руб | J58: WRB_Хвойные | K58: Можжевельник пфитцера, средний | L58: Juniperus pfitzeriana | M58: Mint Julep | N58: WRB | O58: 20-30 120-140 | S58: RUS | T58: 1 | U58: 4950 | V58: 4800 | W58: 4500 | X58: 4230 | Z58: =U58*Y58 -> 0 | AA58: =IF(V58<>"",IF(AND($Z$19>=200000,Y58>=20),Y58*X58,IF(AND($Z$19>=200000,Y58<20),Y58*W58,IF(AND($Z$19<200000,Y58>=20),Y58*V58,Y58*U58))),IF($Z$19>=200000,Y58*W58,Y58*U58)) -> 0
C59: 46-38-16301 | I59: руб | J59: WRB_Хвойные | K59: Можжевельник пфитцера, средний | L59: Juniperus pfitzeriana | M59: Mint Julep | N59: WRB | O59: 60-80 | P59: 80-100 | S59: RUS | T59: 1 | U59: 5940 | V59: 5760 | W59: 5400 | X59: 5076 | Z59: =U59*Y59 -> 0 | AA59: =IF(V59<>"",IF(AND($Z$19>=200000,Y59>=20),Y59*X59,IF(AND($Z$19>=200000,Y59<20),Y59*W59,IF(AND($Z$19<200000,Y59>=20),Y59*V59,Y59*U59))),IF($Z$19>=200000,Y59*W59,Y59*U59)) -> 0 | AB59: ПРОДАНО | AF59: =IF(Y59/T59=0,"",IF(MOD(Y59,T59)>0,"ОШИБКА!!! неверная кратность на сорт",""))
C60: 46-38-15958 | I60: руб | J60: WRB_Хвойные | K60: Можжевельник прибрежный | L60: Juniperus conferta | M60: Schlager | N60: WRB | O60: 30-40 | S60: RUS | T60: 1 | U60: 1980 | V60: 1920 | W60: 1800 | X60: 1692 | Z60: =U60*Y60 -> 0 | AA60: =IF(V60<>"",IF(AND($Z$19>=200000,Y60>=20),Y60*X60,IF(AND($Z$19>=200000,Y60<20),Y60*W60,IF(AND($Z$19<200000,Y60>=20),Y60*V60,Y60*U60))),IF($Z$19>=200000,Y60*W60,Y60*U60)) -> 0 | AB60: ПРОДАНО | AF60: =IF(Y60/T60=0,"",IF(MOD(Y60,T60)>0,"ОШИБКА!!! неверная кратность на сорт",""))
C61: 46-38-15959 | I61: руб | J61: WRB_Хвойные | K61: Можжевельник прибрежный | L61: Juniperus conferta | M61: Schlager | N61: WRB | O61: 40-60 | S61: RUS | T61: 1 | U61: 2574 | V61: 2496 | W61: 2340 | X61: 2200 | Z61: =U61*Y61 -> 0 | AA61: =IF(V61<>"",IF(AND($Z$19>=200000,Y61>=20),Y61*X61,IF(AND($Z$19>=200000,Y61<20),Y61*W61,IF(AND($Z$19<200000,Y61>=20),Y61*V61,Y61*U61))),IF($Z$19>=200000,Y61*W61,Y61*U61)) -> 0 | AB61: ПРОДАНО | AF61: =IF(Y61/T61=0,"",IF(MOD(Y61,T61)>0,"ОШИБКА!!! неверная кратность на сорт",""))
C62: 46-38-15960 | I62: руб | J62: WRB_Хвойные | K62: Можжевельник прибрежный | L62: Juniperus conferta | M62: Schlager | N62: WRB | O62: 60-80 | S62: RUS | T62: 1 | U62: 3366 | V62: 3264 | W62: 3060 | X62: 2877 | Z62: =U62*Y62 -> 0 | AA62: =IF(V62<>"",IF(AND($Z$19>=200000,Y62>=20),Y62*X62,IF(AND($Z$19>=200000,Y62<20),Y62*W62,IF(AND($Z$19<200000,Y62>=20),Y62*V62,Y62*U62))),IF($Z$19>=200000,Y62*W62,Y62*U62)) -> 0 | AB62: ПРОДАНО | AF62: =IF(Y62/T62=0,"",IF(MOD(Y62,T62)>0,"ОШИБКА!!! неверная кратность на сорт",""))
C63: 46-318-2646 | D63: 5 | G63: 0 | H63: 32 | I63: руб | J63: WRB_Хвойные | K63: Можжевельник скальный | L63: Juniperus scopulorum | M63: Blue Arrow | N63: WRB | O63: 100-120 | R63: ЭКСТРА качество | S63: RUS | T63: 1 | U63: 2972 | V63: 2882 | W63: 2702 | X63: 2540 | Z63: =U63*Y63 -> 0 | AA63: =IF(V63<>"",IF(AND($Z$19>=200000,Y63>=20),Y63*X63,IF(AND($Z$19>=200000,Y63<20),Y63*W63,IF(AND($Z$19<200000,Y63>=20),Y63*V63,Y63*U63))),IF($Z$19>=200000,Y63*W63,Y63*U63)) -> 0 | AF63: =IF(Y63/T63=0,"",IF(MOD(Y63,T63)>0,"ОШИБКА!!! неверная кратность на сорт",""))
C64: 46-318-2647 | D64: 6 | G64: 10 | H64: 97 | I64: руб | J64: WRB_Хвойные | K64: Можжевельник скальный | L64: Juniperus scopulorum | M64: Blue Arrow | N64: WRB | O64: 120-140 | R64: ЭКСТРА качество | S64: RUS | T64: 1 | U64: 3395 | V64: 3292 | W64: 3086 | X64: 2901 | Z64: =U64*Y64 -> 0 | AA64: =IF(V64<>"",IF(AND($Z$19>=200000,Y64>=20),Y64*X64,IF(AND($Z$19>=200000,Y64<20),Y64*W64,IF(AND($Z$19<200000,Y64>=20),Y64*V64,Y64*U64))),IF($Z$19>=200000,Y64*W64,Y64*U64)) -> 0 | AF64: =IF(Y64/T64=0,"",IF(MOD(Y64,T64)>0,"ОШИБКА!!! неверная кратность на сорт",""))
C65: 46-318-2648 | D65: 0 | G65: 10 | H65: 194 | I65: руб | J65: WRB_Хвойные | K65: Можжевельник скальный | L65: Juniperus scopulorum | M65: Blue Arrow | N65: WRB | O65: 140-160 | R65: ЭКСТРА качество | S65: RUS | T65: 1 | U65: 4564 | V65: 4426 | W65: 4149 | X65: 3901 | Z65: =U65*Y65 -> 0 | AA65: =IF(V65<>"",IF(AND($Z$19>=200000,Y65>=20),Y65*X65,IF(AND($Z$19>=200000,Y65<20),Y65*W65,IF(AND($Z$19<200000,Y65>=20),Y65*V65,Y65*U65))),IF($Z$19>=200000,Y65*W65,Y65*U65)) -> 0 | AF65: =IF(Y65/T65=0,"",IF(MOD(Y65,T65)>0,"ОШИБКА!!! неверная кратность на сорт",""))
C66: 46-38-15974 | D66: 0 | G66: 1 | H66: 6 | I66: руб | J66: WRB_Хвойные | K66: Можжевельник скальный | L66: Juniperus scopulorum | M66: Blue Arrow | N66: WRB | O66: 100-120 | S66: RUS | T66: 1 | U66: 2972 | V66: 2882 | W66: 2702 | X66: 2540 | Z66: =U66*Y66 -> 0 | AA66: =IF(V66<>"",IF(AND($Z$19>=200000,Y66>=20),Y66*X66,IF(AND($Z$19>=200000,Y66<20),Y66*W66,IF(AND($Z$19<200000,Y66>=20),Y66*V66,Y66*U66))),IF($Z$19>=200000,Y66*W66,Y66*U66)) -> 0
C67: 46-38-4332 | H67: 33 | I67: руб | J67: WRB_Хвойные | K67: Можжевельник скальный | L67: Juniperus scopulorum | M67: Blue Arrow | N67: WRB | O67: 120-140 | S67: RUS | T67: 1 | U67: 3395 | V67: 3292 | W67: 3086 | X67: 2901 | Z67: =U67*Y67 -> 0 | AA67: =IF(V67<>"",IF(AND($Z$19>=200000,Y67>=20),Y67*X67,IF(AND($Z$19>=200000,Y67<20),Y67*W67,IF(AND($Z$19<200000,Y67>=20),Y67*V67,Y67*U67))),IF($Z$19>=200000,Y67*W67,Y67*U67)) -> 0
C68: 46-38-4333 | H68: 229 | I68: руб | J68: WRB_Хвойные | K68: Можжевельник скальный | L68: Juniperus scopulorum | M68: Blue Arrow | N68: WRB | O68: 140-160 | S68: RUS | T68: 1 | U68: 4564 | V68: 4426 | W68: 4149 | X68: 3901 | Z68: =U68*Y68 -> 0 | AA68: =IF(V68<>"",IF(AND($Z$19>=200000,Y68>=20),Y68*X68,IF(AND($Z$19>=200000,Y68<20),Y68*W68,IF(AND($Z$19<200000,Y68>=20),Y68*V68,Y68*U68))),IF($Z$19>=200000,Y68*W68,Y68*U68)) -> 0
C69: 46-38-4331 | H69: 292 | I69: руб | J69: WRB_Хвойные | K69: Можжевельник скальный | L69: Juniperus scopulorum | M69: Blue Arrow | N69: WRB | O69: 160-180 | S69: RUS | T69: 1 | U69: 5734 | V69: 5560 | W69: 5213 | X69: 4900 | Z69: =U69*Y69 -> 0 | AA69: =IF(V69<>"",IF(AND($Z$19>=200000,Y69>=20),Y69*X69,IF(AND($Z$19>=200000,Y69<20),Y69*W69,IF(AND($Z$19<200000,Y69>=20),Y69*V69,Y69*U69))),IF($Z$19>=200000,Y69*W69,Y69*U69)) -> 0 | AF69: =IF(Y69/T69=0,"",IF(MOD(Y69,T69)>0,"ОШИБКА!!! неверная кратность на сорт",""))
C70: 46-38-4334 | H70: 56 | I70: руб | J70: WRB_Хвойные | K70: Можжевельник скальный | L70: Juniperus scopulorum | M70: Blue Arrow | N70: WRB | O70: 180-200 | S70: RUS | T70: 1 | U70: 6930 | V70: 6720 | W70: 6300 | X70: 5922 | Z70: =U70*Y70 -> 0 | AA70: =IF(V70<>"",IF(AND($Z$19>=200000,Y70>=20),Y70*X70,IF(AND($Z$19>=200000,Y70<20),Y70*W70,IF(AND($Z$19<200000,Y70>=20),Y70*V70,Y70*U70))),IF($Z$19>=200000,Y70*W70,Y70*U70)) -> 0 | AF70: =IF(Y70/T70=0,"",IF(MOD(Y70,T70)>0,"ОШИБКА!!! неверная кратность на сорт",""))
C71: 46-38-4335 | H71: 48 | I71: руб | J71: WRB_Хвойные | K71: Можжевельник скальный | L71: Juniperus scopulorum | M71: Blue Arrow | N71: WRB | O71: 200-220 | S71: RUS | T71: 1 | U71: 7920 | V71: 7680 | W71: 7200 | X71: 6768 | Z71: =U71*Y71 -> 0 | AA71: =IF(V71<>"",IF(AND($Z$19>=200000,Y71>=20),Y71*X71,IF(AND($Z$19>=200000,Y71<20),Y71*W71,IF(AND($Z$19<200000,Y71>=20),Y71*V71,Y71*U71))),IF($Z$19>=200000,Y71*W71,Y71*U71)) -> 0 | AF71: =IF(Y71/T71=0,"",IF(MOD(Y71,T71)>0,"ОШИБКА!!! неверная кратность на сорт",""))
C72: 46-38-16532 | H72: 67 | I72: руб | J72: WRB_Хвойные | K72: Можжевельник скальный | L72: Juniperus scopulorum | M72: Blue Arrow | N72: WRB | O72: 220-240 | S72: RUS | T72: 1 | U72: 8745 | V72: 8480 | W72: 7950 | X72: 7473 | Z72: =U72*Y72 -> 0 | AA72: =IF(V72<>"",IF(AND($Z$19>=200000,Y72>=20),Y72*X72,IF(AND($Z$19>=200000,Y72<20),Y72*W72,IF(AND($Z$19<200000,Y72>=20),Y72*V72,Y72*U72))),IF($Z$19>=200000,Y72*W72,Y72*U72)) -> 0
C73: 46-38-16533 | H73: 58 | I73: руб | J73: WRB_Хвойные | K73: Можжевельник скальный | L73: Juniperus scopulorum | M73: Blue Arrow | N73: WRB | O73: 240-260 | S73: RUS | T73: 1 | U73: 9653 | V73: 9360 | W73: 8775 | X73: 8249 | Z73: =U73*Y73 -> 0 | AA73: =IF(V73<>"",IF(AND($Z$19>=200000,Y73>=20),Y73*X73,IF(AND($Z$19>=200000,Y73<20),Y73*W73,IF(AND($Z$19<200000,Y73>=20),Y73*V73,Y73*U73))),IF($Z$19>=200000,Y73*W73,Y73*U73)) -> 0
C74: 46-38-3051 | I74: руб | J74: WRB_Хвойные | K74: Можжевельник скальный | L74: Juniperus scopulorum | M74: Blue Arrow | N74: WRB | O74: 200-250 | S74: RUS | T74: 1 | U74: 8580 | V74: 8320 | W74: 7800 | X74: 7332 | Z74: =U74*Y74 -> 0 | AA74: =IF(V74<>"",IF(AND($Z$19>=200000,Y74>=20),Y74*X74,IF(AND($Z$19>=200000,Y74<20),Y74*W74,IF(AND($Z$19<200000,Y74>=20),Y74*V74,Y74*U74))),IF($Z$19>=200000,Y74*W74,Y74*U74)) -> 0 | AB74: ПРОДАНО | AF74: =IF(Y74/T74=0,"",IF(MOD(Y74,T74)>0,"ОШИБКА!!! неверная кратность на сорт",""))
C75: 46-318-2716 | D75: 31 | G75: 0 | H75: 130 | I75: руб | J75: WRB_Хвойные | K75: Можжевельник скальный | L75: Juniperus scopulorum | M75: Moonglow | N75: WRB | O75: 80-100 | R75: ЭКСТРА качество | S75: RUS | T75: 1 | U75: 2223 | V75: 2156 | W75: 2021 | X75: 1900 | Z75: =U75*Y75 -> 0 | AA75: =IF(V75<>"",IF(AND($Z$19>=200000,Y75>=20),Y75*X75,IF(AND($Z$19>=200000,Y75<20),Y75*W75,IF(AND($Z$19<200000,Y75>=20),Y75*V75,Y75*U75))),IF($Z$19>=200000,Y75*W75,Y75*U75)) -> 0 | AF75: =IF(Y75/T75=0,"",IF(MOD(Y75,T75)>0,"ОШИБКА!!! неверная кратность на сорт",""))
C76: 46-318-2649 | D76: 20 | G76: 0 | H76: 216 | I76: руб | J76: WRB_Хвойные | K76: Можжевельник скальный | L76: Juniperus scopulorum | M76: Moonglow | N76: WRB | O76: 100-120 | R76: ЭКСТРА качество | S76: RUS | T76: 1 | U76: 3284 | V76: 3184 | W76: 2985 | X76: 2806 | Z76: =U76*Y76 -> 0 | AA76: =IF(V76<>"",IF(AND($Z$19>=200000,Y76>=20),Y76*X76,IF(AND($Z$19>=200000,Y76<20),Y76*W76,IF(AND($Z$19<200000,Y76>=20),Y76*V76,Y76*U76))),IF($Z$19>=200000,Y76*W76,Y76*U76)) -> 0 | AF76: =IF(Y76/T76=0,"",IF(MOD(Y76,T76)>0,"ОШИБКА!!! неверная кратность на сорт",""))
C77: 46-318-2650 | H77: 86 | I77: руб | J77: WRB_Хвойные | K77: Можжевельник скальный | L77: Juniperus scopulorum | M77: Moonglow | N77: WRB | O77: 120-140 | R77: ЭКСТРА качество | S77: RUS | T77: 1 | U77: 4389 | V77: 4256 | W77: 3990 | X77: 3751 | Z77: =U77*Y77 -> 0 | AA77: =IF(V77<>"",IF(AND($Z$19>=200000,Y77>=20),Y77*X77,IF(AND($Z$19>=200000,Y77<20),Y77*W77,IF(AND($Z$19<200000,Y77>=20),Y77*V77,Y77*U77))),IF($Z$19>=200000,Y77*W77,Y77*U77)) -> 0 | AF77: =IF(Y77/T77=0,"",IF(MOD(Y77,T77)>0,"ОШИБКА!!! неверная кратность на сорт",""))
C78: 46-38-16538 | H78: 4 | I78: руб | J78: WRB_Хвойные | K78: Сосна веймутова | L78: Pinus strobus | N78: WRB | O78: 80-100 | R78: только с отбором | S78: RUS | T78: 1 | U78: 1649 | V78: 1599 | W78: 1499 | X78: 1409 | Z78: =U78*Y78 -> 0 | AA78: =IF(V78<>"",IF(AND($Z$19>=200000,Y78>=20),Y78*X78,IF(AND($Z$19>=200000,Y78<20),Y78*W78,IF(AND($Z$19<200000,Y78>=20),Y78*V78,Y78*U78))),IF($Z$19>=200000,Y78*W78,Y78*U78)) -> 0
C79: 46-38-15985 | H79: 4 | I79: руб | J79: WRB_Хвойные | K79: Сосна веймутова | L79: Pinus strobus | N79: WRB | O79: 100-120 | R79: только с отбором | S79: RUS | T79: 1 | U79: 2388 | V79: 2316 | W79: 2171 | X79: 2041 | Z79: =U79*Y79 -> 0 | AA79: =IF(V79<>"",IF(AND($Z$19>=200000,Y79>=20),Y79*X79,IF(AND($Z$19>=200000,Y79<20),Y79*W79,IF(AND($Z$19<200000,Y79>=20),Y79*V79,Y79*U79))),IF($Z$19>=200000,Y79*W79,Y79*U79)) -> 0 | AF79: =IF(Y79/T79=0,"",IF(MOD(Y79,T79)>0,"ОШИБКА!!! неверная кратность на сорт",""))
C80: 46-38-4599 | D80: 0 | G80: 2 | H80: 1 | I80: руб | J80: WRB_Хвойные | K80: Сосна веймутова | L80: Pinus strobus | N80: WRB | O80: 120-140 | R80: только с отбором | S80: RUS | T80: 1 | U80: 4158 | V80: 4032 | W80: 3780 | X80: 3554 | Z80: =U80*Y80 -> 0 | AA80: =IF(V80<>"",IF(AND($Z$19>=200000,Y80>=20),Y80*X80,IF(AND($Z$19>=200000,Y80<20),Y80*W80,IF(AND($Z$19<200000,Y80>=20),Y80*V80,Y80*U80))),IF($Z$19>=200000,Y80*W80,Y80*U80)) -> 0 | AF80: =IF(Y80/T80=0,"",IF(MOD(Y80,T80)>0,"ОШИБКА!!! неверная кратность на сорт",""))
C81: 46-38-15984 | H81: 6 | I81: руб | J81: WRB_Хвойные | K81: Сосна веймутова | L81: Pinus strobus | N81: WRB | O81: 140-160 | R81: только с отбором | S81: RUS | T81: 1 | U81: 4752 | V81: 4608 | W81: 4320 | X81: 4061 | Z81: =U81*Y81 -> 0 | AA81: =IF(V81<>"",IF(AND($Z$19>=200000,Y81>=20),Y81*X81,IF(AND($Z$19>=200000,Y81<20),Y81*W81,IF(AND($Z$19<200000,Y81>=20),Y81*V81,Y81*U81))),IF($Z$19>=200000,Y81*W81,Y81*U81)) -> 0 | AF81: =IF(Y81/T81=0,"",IF(MOD(Y81,T81)>0,"ОШИБКА!!! неверная кратность на сорт",""))
C82: 46-38-5054 | H82: 8 | I82: руб | J82: WRB_Хвойные | K82: Сосна веймутова | L82: Pinus strobus | N82: WRB | O82: 160-180 | R82: только с отбором | S82: RUS | T82: 1 | U82: 5346 | V82: 5184 | W82: 4860 | X82: 4569 | Z82: =U82*Y82 -> 0 | AA82: =IF(V82<>"",IF(AND($Z$19>=200000,Y82>=20),Y82*X82,IF(AND($Z$19>=200000,Y82<20),Y82*W82,IF(AND($Z$19<200000,Y82>=20),Y82*V82,Y82*U82))),IF($Z$19>=200000,Y82*W82,Y82*U82)) -> 0 | AF82: =IF(Y82/T82=0,"",IF(MOD(Y82,T82)>0,"ОШИБКА!!! неверная кратность на сорт",""))
C83: 46-38-4383 | H83: 13 | I83: руб | J83: WRB_Хвойные | K83: Сосна веймутова | L83: Pinus strobus | N83: WRB | O83: 180-200 | R83: только с отбором | S83: RUS | T83: 1 | U83: 6336 | V83: 6144 | W83: 5760 | X83: 5415 | Z83: =U83*Y83 -> 0 | AA83: =IF(V83<>"",IF(AND($Z$19>=200000,Y83>=20),Y83*X83,IF(AND($Z$19>=200000,Y83<20),Y83*W83,IF(AND($Z$19<200000,Y83>=20),Y83*V83,Y83*U83))),IF($Z$19>=200000,Y83*W83,Y83*U83)) -> 0 | AF83: =IF(Y83/T83=0,"",IF(MOD(Y83,T83)>0,"ОШИБКА!!! неверная кратность на сорт",""))
C84: 46-38-16539 | H84: 13 | I84: руб | J84: WRB_Хвойные | K84: Сосна веймутова | L84: Pinus strobus | N84: WRB | O84: 200-220 | R84: только с отбором | S84: RUS | T84: 1 | U84: 6930 | V84: 6720 | W84: 6300 | X84: 5922 | Z84: =U84*Y84 -> 0 | AA84: =IF(V84<>"",IF(AND($Z$19>=200000,Y84>=20),Y84*X84,IF(AND($Z$19>=200000,Y84<20),Y84*W84,IF(AND($Z$19<200000,Y84>=20),Y84*V84,Y84*U84))),IF($Z$19>=200000,Y84*W84,Y84*U84)) -> 0
C85: 46-38-16540 | H85: 9 | I85: руб | J85: WRB_Хвойные | K85: Сосна веймутова | L85: Pinus strobus | N85: WRB | O85: 220-240 | R85: только с отбором | S85: RUS | T85: 1 | U85: 7343 | V85: 7120 | W85: 6675 | X85: 6275 | Z85: =U85*Y85 -> 0 | AA85: =IF(V85<>"",IF(AND($Z$19>=200000,Y85>=20),Y85*X85,IF(AND($Z$19>=200000,Y85<20),Y85*W85,IF(AND($Z$19<200000,Y85>=20),Y85*V85,Y85*U85))),IF($Z$19>=200000,Y85*W85,Y85*U85)) -> 0
C86: 46-387-0001 | D86: 1 | G86: 0 | I86: руб | J86: WRB_Хвойные | K86: Сосна веймутова | L86: Pinus strobus | M86: Macopin | N86: WRB | O86: 80-100 | S86: RUS | T86: 1 | U86: 86025 | V86: 83418 | W86: 78204 | X86: 73512 | Z86: =U86*Y86 -> 0 | AA86: =IF(V86<>"",IF(AND($Z$19>=200000,Y86>=20),Y86*X86,IF(AND($Z$19>=200000,Y86<20),Y86*W86,IF(AND($Z$19<200000,Y86>=20),Y86*V86,Y86*U86))),IF($Z$19>=200000,Y86*W86,Y86*U86)) -> 0 | AF86: =IF(Y86/T86=0,"",IF(MOD(Y86,T86)>0,"ОШИБКА!!! неверная кратность на сорт",""))
C87: 46-38-4343 | D87: 0 | G87: 1 | H87: 4 | I87: руб | J87: WRB_Хвойные | K87: Сосна горная | L87: Pinus mugo | N87: WRB | O87: 40-60 | S87: RUS | T87: 1 | U87: 5346 | V87: 5184 | W87: 4860 | X87: 4569 | Z87: =U87*Y87 -> 0 | AA87: =IF(V87<>"",IF(AND($Z$19>=200000,Y87>=20),Y87*X87,IF(AND($Z$19>=200000,Y87<20),Y87*W87,IF(AND($Z$19<200000,Y87>=20),Y87*V87,Y87*U87))),IF($Z$19>=200000,Y87*W87,Y87*U87)) -> 0 | AF87: =IF(Y87/T87=0,"",IF(MOD(Y87,T87)>0,"ОШИБКА!!! неверная кратность на сорт",""))
C88: 46-38-4344 | I88: руб | J88: WRB_Хвойные | K88: Сосна горная | L88: Pinus mugo | N88: WRB | O88: 60-80 | S88: RUS | T88: 1 | U88: 5940 | V88: 5760 | W88: 5400 | X88: 5076 | Z88: =U88*Y88 -> 0 | AA88: =IF(V88<>"",IF(AND($Z$19>=200000,Y88>=20),Y88*X88,IF(AND($Z$19>=200000,Y88<20),Y88*W88,IF(AND($Z$19<200000,Y88>=20),Y88*V88,Y88*U88))),IF($Z$19>=200000,Y88*W88,Y88*U88)) -> 0 | AB88: ПРОДАНО | AF88: =IF(Y88/T88=0,"",IF(MOD(Y88,T88)>0,"ОШИБКА!!! неверная кратность на сорт",""))
C89: 46-38-16542 | H89: 2 | I89: руб | J89: WRB_Хвойные | K89: Сосна горная | L89: Pinus mugo | M89: Mugo | N89: WRB | O89: 30-40 | S89: RUS | T89: 1 | U89: 5280 | V89: 5120 | W89: 4800 | X89: 4512 | Z89: =U89*Y89 -> 0 | AA89: =IF(V89<>"",IF(AND($Z$19>=200000,Y89>=20),Y89*X89,IF(AND($Z$19>=200000,Y89<20),Y89*W89,IF(AND($Z$19<200000,Y89>=20),Y89*V89,Y89*U89))),IF($Z$19>=200000,Y89*W89,Y89*U89)) -> 0
C90: 46-38-16541 | H90: 4 | I90: руб | J90: WRB_Хвойные | K90: Сосна горная | L90: Pinus mugo | M90: Mughus = var. mughus | N90: WRB | O90: 20-30 | S90: RUS | T90: 1 | U90: 4670 | V90: 4528 | W90: 4245 | X90: 3991 | Z90: =U90*Y90 -> 0 | AA90: =IF(V90<>"",IF(AND($Z$19>=200000,Y90>=20),Y90*X90,IF(AND($Z$19>=200000,Y90<20),Y90*W90,IF(AND($Z$19<200000,Y90>=20),Y90*V90,Y90*U90))),IF($Z$19>=200000,Y90*W90,Y90*U90)) -> 0
C91: 46-38-11857 | H91: 34 | I91: руб | J91: WRB_Хвойные | K91: Сосна горная | L91: Pinus mugo | M91: Mughus = var. mughus | N91: WRB | O91: 30-40 | S91: RUS | T91: 1 | U91: 5280 | V91: 5120 | W91: 4800 | X91: 4512 | Z91: =U91*Y91 -> 0 | AA91: =IF(V91<>"",IF(AND($Z$19>=200000,Y91>=20),Y91*X91,IF(AND($Z$19>=200000,Y91<20),Y91*W91,IF(AND($Z$19<200000,Y91>=20),Y91*V91,Y91*U91))),IF($Z$19>=200000,Y91*W91,Y91*U91)) -> 0
C92: 46-38-15163 | H92: 192 | I92: руб | J92: WRB_Хвойные | K92: Сосна горная | L92: Pinus mugo | M92: Mughus = var. mughus | N92: WRB | O92: 40-60 | S92: RUS | T92: 1 | U92: 6119 | V92: 5933 | W92: 5562 | X92: 5229 | Z92: =U92*Y92 -> 0 | AA92: =IF(V92<>"",IF(AND($Z$19>=200000,Y92>=20),Y92*X92,IF(AND($Z$19>=200000,Y92<20),Y92*W92,IF(AND($Z$19<200000,Y92>=20),Y92*V92,Y92*U92))),IF($Z$19>=200000,Y92*W92,Y92*U92)) -> 0
C93: 46-38-15221 | H93: 23 | I93: руб | J93: WRB_Хвойные | K93: Сосна горная | L93: Pinus mugo | M93: Mughus = var. mughus | N93: WRB | O93: 60-80 | S93: RUS | T93: 1 | U93: 6930 | V93: 6720 | W93: 6300 | X93: 5922 | Z93: =U93*Y93 -> 0 | AA93: =IF(V93<>"",IF(AND($Z$19>=200000,Y93>=20),Y93*X93,IF(AND($Z$19>=200000,Y93<20),Y93*W93,IF(AND($Z$19<200000,Y93>=20),Y93*V93,Y93*U93))),IF($Z$19>=200000,Y93*W93,Y93*U93)) -> 0 | AF93: =IF(Y93/T93=0,"",IF(MOD(Y93,T93)>0,"ОШИБКА!!! неверная кратность на сорт",""))
C94: 46-318-2405 | D94: 27 | G94: 1 | I94: руб | J94: WRB_Хвойные | K94: Сосна горная | L94: Pinus mugo | M94: Pumilio = var. pumilio | N94: WRB | P94: 20-40 | R94: ЭКСТРА качество | S94: RUS | T94: 1 | U94: 4290 | V94: 4160 | W94: 3900 | X94: 3666 | Z94: =U94*Y94 -> 0 | AA94: =IF(V94<>"",IF(AND($Z$19>=200000,Y94>=20),Y94*X94,IF(AND($Z$19>=200000,Y94<20),Y94*W94,IF(AND($Z$19<200000,Y94>=20),Y94*V94,Y94*U94))),IF($Z$19>=200000,Y94*W94,Y94*U94)) -> 0 | AF94: =IF(Y94/T94=0,"",IF(MOD(Y94,T94)>0,"ОШИБКА!!! неверная кратность на сорт",""))
C95: 46-38-16543 | H95: 16 | I95: руб | J95: WRB_Хвойные | K95: Сосна горная | L95: Pinus mugo | M95: Pumilio = var. pumilio | N95: WRB | P95: 20-30 | S95: RUS | T95: 1 | U95: 4208 | V95: 4080 | W95: 3825 | X95: 3596 | Z95: =U95*Y95 -> 0 | AA95: =IF(V95<>"",IF(AND($Z$19>=200000,Y95>=20),Y95*X95,IF(AND($Z$19>=200000,Y95<20),Y95*W95,IF(AND($Z$19<200000,Y95>=20),Y95*V95,Y95*U95))),IF($Z$19>=200000,Y95*W95,Y95*U95)) -> 0
C96: 46-38-15304 | H96: 17 | I96: руб | J96: WRB_Хвойные | K96: Сосна горная | L96: Pinus mugo | M96: Pumilio = var. pumilio | N96: WRB | P96: 30-40 | S96: RUS | T96: 1 | U96: 4950 | V96: 4800 | W96: 4500 | X96: 4230 | Z96: =U96*Y96 -> 0 | AA96: =IF(V96<>"",IF(AND($Z$19>=200000,Y96>=20),Y96*X96,IF(AND($Z$19>=200000,Y96<20),Y96*W96,IF(AND($Z$19<200000,Y96>=20),Y96*V96,Y96*U96))),IF($Z$19>=200000,Y96*W96,Y96*U96)) -> 0
C97: 46-38-15688 | H97: 119 | I97: руб | J97: WRB_Хвойные | K97: Сосна горная | L97: Pinus mugo | M97: Pumilio = var. pumilio | N97: WRB | P97: 40-60 | S97: RUS | T97: 1 | U97: 5775 | V97: 5600 | W97: 5250 | X97: 4935 | Z97: =U97*Y97 -> 0 | AA97: =IF(V97<>"",IF(AND($Z$19>=200000,Y97>=20),Y97*X97,IF(AND($Z$19>=200000,Y97<20),Y97*W97,IF(AND($Z$19<200000,Y97>=20),Y97*V97,Y97*U97))),IF($Z$19>=200000,Y97*W97,Y97*U97)) -> 0
C98: 46-38-2753 | H98: 56 | I98: руб | J98: WRB_Хвойные | K98: Сосна горная | L98: Pinus mugo | M98: Pumilio = var. pumilio | N98: WRB | P98: 60-80 | S98: RUS | T98: 1 | U98: 6584 | V98: 6384 | W98: 5985 | X98: 5626 | Z98: =U98*Y98 -> 0 | AA98: =IF(V98<>"",IF(AND($Z$19>=200000,Y98>=20),Y98*X98,IF(AND($Z$19>=200000,Y98<20),Y98*W98,IF(AND($Z$19<200000,Y98>=20),Y98*V98,Y98*U98))),IF($Z$19>=200000,Y98*W98,Y98*U98)) -> 0
C99: 46-38-0657 | H99: 1 | I99: руб | J99: WRB_Хвойные | K99: Сосна обыкновенная | L99: Pinus sylvestris | N99: WRB | O99: 120-140 | R99: только с отбором | S99: RUS | T99: 1 | U99: 3876 | V99: 3759 | W99: 3524 | X99: 3313 | Z99: =U99*Y99 -> 0 | AA99: =IF(V99<>"",IF(AND($Z$19>=200000,Y99>=20),Y99*X99,IF(AND($Z$19>=200000,Y99<20),Y99*W99,IF(AND($Z$19<200000,Y99>=20),Y99*V99,Y99*U99))),IF($Z$19>=200000,Y99*W99,Y99*U99)) -> 0 | AF99: =IF(Y99/T99=0,"",IF(MOD(Y99,T99)>0,"ОШИБКА!!! неверная кратность на сорт",""))
C100: 46-38-8228 | I100: руб | J100: WRB_Хвойные | K100: Сосна обыкновенная | L100: Pinus sylvestris | N100: WRB | O100: 140-160 | R100: только с отбором | S100: RUS | T100: 1 | U100: 4488 | V100: 4352 | W100: 4080 | X100: 3836 | Z100: =U100*Y100 -> 0 | AA100: =IF(V100<>"",IF(AND($Z$19>=200000,Y100>=20),Y100*X100,IF(AND($Z$19>=200000,Y100<20),Y100*W100,IF(AND($Z$19<200000,Y100>=20),Y100*V100,Y100*U100))),IF($Z$19>=200000,Y100*W100,Y100*U100)) -> 0 | AB100: ПРОДАНО | AF100: =IF(Y100/T100=0,"",IF(MOD(Y100,T100)>0,"ОШИБКА!!! неверная кратность на сорт",""))
C101: 46-38-0690 | H101: 3 | I101: руб | J101: WRB_Хвойные | K101: Сосна обыкновенная | L101: Pinus sylvestris | N101: WRB | O101: 160-180 | R101: только с отбором | S101: RUS | T101: 1 | U101: 4950 | V101: 4800 | W101: 4500 | X101: 4230 | Z101: =U101*Y101 -> 0 | AA101: =IF(V101<>"",IF(AND($Z$19>=200000,Y101>=20),Y101*X101,IF(AND($Z$19>=200000,Y101<20),Y101*W101,IF(AND($Z$19<200000,Y101>=20),Y101*V101,Y101*U101))),IF($Z$19>=200000,Y101*W101,Y101*U101)) -> 0 | AF101: =IF(Y101/T101=0,"",IF(MOD(Y101,T101)>0,"ОШИБКА!!! неверная кратность на сорт",""))
C102: 46-38-4601 | H102: 28 | I102: руб | J102: WRB_Хвойные | K102: Сосна обыкновенная | L102: Pinus sylvestris | N102: WRB | O102: 180-200 | R102: только с отбором | S102: RUS | T102: 1 | U102: 5940 | V102: 5760 | W102: 5400 | X102: 5076 | Z102: =U102*Y102 -> 0 | AA102: =IF(V102<>"",IF(AND($Z$19>=200000,Y102>=20),Y102*X102,IF(AND($Z$19>=200000,Y102<20),Y102*W102,IF(AND($Z$19<200000,Y102>=20),Y102*V102,Y102*U102))),IF($Z$19>=200000,Y102*W102,Y102*U102)) -> 0 | AF102: =IF(Y102/T102=0,"",IF(MOD(Y102,T102)>0,"ОШИБКА!!! неверная кратность на сорт",""))
C103: 46-38-15982 | D103: 9 | G103: 1 | H103: 30 | I103: руб | J103: WRB_Хвойные | K103: Сосна обыкновенная | L103: Pinus sylvestris | N103: WRB | O103: 200-220 | R103: только с отбором | S103: RUS | T103: 1 | U103: 7920 | V103: 7680 | W103: 7200 | X103: 6768 | Z103: =U103*Y103 -> 0 | AA103: =IF(V103<>"",IF(AND($Z$19>=200000,Y103>=20),Y103*X103,IF(AND($Z$19>=200000,Y103<20),Y103*W103,IF(AND($Z$19<200000,Y103>=20),Y103*V103,Y103*U103))),IF($Z$19>=200000,Y103*W103,Y103*U103)) -> 0 | AF103: =IF(Y103/T103=0,"",IF(MOD(Y103,T103)>0,"ОШИБКА!!! неверная кратность на сорт",""))
C104: 46-38-15983 | H104: 11 | I104: руб | J104: WRB_Хвойные | K104: Сосна обыкновенная | L104: Pinus sylvestris | N104: WRB | O104: 220-240 | R104: только с отбором | S104: RUS | T104: 1 | U104: 9900 | V104: 9600 | W104: 9000 | X104: 8460 | Z104: =U104*Y104 -> 0 | AA104: =IF(V104<>"",IF(AND($Z$19>=200000,Y104>=20),Y104*X104,IF(AND($Z$19>=200000,Y104<20),Y104*W104,IF(AND($Z$19<200000,Y104>=20),Y104*V104,Y104*U104))),IF($Z$19>=200000,Y104*W104,Y104*U104)) -> 0 | AF104: =IF(Y104/T104=0,"",IF(MOD(Y104,T104)>0,"ОШИБКА!!! неверная кратность на сорт",""))
C105: 46-38-16544 | H105: 7 | I105: руб | J105: WRB_Хвойные | K105: Сосна обыкновенная | L105: Pinus sylvestris | N105: WRB | O105: 240-260 | R105: только с отбором | S105: RUS | T105: 1 | U105: 10808 | V105: 10480 | W105: 9825 | X105: 9236 | Z105: =U105*Y105 -> 0 | AA105: =IF(V105<>"",IF(AND($Z$19>=200000,Y105>=20),Y105*X105,IF(AND($Z$19>=200000,Y105<20),Y105*W105,IF(AND($Z$19<200000,Y105>=20),Y105*V105,Y105*U105))),IF($Z$19>=200000,Y105*W105,Y105*U105)) -> 0
C106: 46-38-16545 | H106: 4 | I106: руб | J106: WRB_Хвойные | K106: Сосна обыкновенная | L106: Pinus sylvestris | N106: WRB | O106: 260-280 | R106: только с отбором | S106: RUS | T106: 1 | U106: 11699 | V106: 11344 | W106: 10635 | X106: 9997 | Z106: =U106*Y106 -> 0 | AA106: =IF(V106<>"",IF(AND($Z$19>=200000,Y106>=20),Y106*X106,IF(AND($Z$19>=200000,Y106<20),Y106*W106,IF(AND($Z$19<200000,Y106>=20),Y106*V106,Y106*U106))),IF($Z$19>=200000,Y106*W106,Y106*U106)) -> 0
...
